 Dungeon Crawl Stone Soup version 0.31-a0-920-g28cbb04a8c (webtiles) character file.

Game seed: 6879435921053339180

1630991 MackTheKnife the Crack Shot (level 27, 254/254 HPs)
             Began as a Purple Draconian Hexslinger on Oct 16, 2023.
             Was a High Priest of Okawaru.
             Escaped with the Orb
             ... and 3 runes on Oct 17, 2023!
             The game lasted 02:32:10 (75437 turns).

MackTheKnife the Crack Shot (DrHs)                 Turns: 75437, Time: 02:32:11

Health: 254/254    AC: 28    Str: 18    XL:     27
Magic:  45/45      EV: 36    Int: 13    God:    Okawaru [*****.]
Gold:   5302       SH: 21    Dex: 29    Spells: 24/42 levels left

rFire   + + .        M - +8 hand cannon "Dobbagg" {heavy, Drain MP+9 Stlth+}
rCold   + + +        b - +2 shield of Resistance {rF++ rC++ Will++}
rNeg    . . .        (body armour unavailable)
rPois   +            V - +2 hat
rElec   +            R - +2 cloak {rC+}
rCorr   .            d - +2 pair of gloves {Stlth+}
SInv    +            E - +2 pair of boots {rampage}
Will    +++++        Z - amulet of Liad {Faith Rampage Fragile rElec}
Stlth   ++           J - ring "Pohot" {Will+ AC+4 Str+3 Int-3 SInv}
HPRegen 0.62/turn    c - +6 ring of dexterity
MPRegen 0.29/turn

%: rampage, faith
@: finesse-ful
A: breathe power, AC +13, unfitting armour, cold-blooded, stinger 1, poison
resistance, strong 1
0: Orb of Zot
}: 3/15 runes: decaying, silver, gossamer
a: Breathe Dispelling Energy, Renounce Religion, Heroism, Finesse, Duel


You escaped.
You worshipped Okawaru.
Okawaru was extremely pleased with you.
You visited 11 branches of the dungeon, and saw 51 of its levels.
You also visited: Sewer, Ossuary, Bailey and Ice Cave.

You collected 10866 gold pieces.
You spent 5564 gold pieces at shops.


Innate Abilities, Weirdness & Mutations

You can breathe bolts of dispelling energy.
Your rich purple scales are hard. (AC +13)
You cannot fit into any form of body armour.
You are cold-blooded and may be slowed by cold attacks.
Your tail ends in a venomous barb.
Your system is resistant to poisons. (rPois)
Your muscles are strong. (Str +4, Int/Dex -1)


   Skills:
 - Level 22.0 Fighting
 - Level 22.1 Ranged Weapons
 - Level 22.0 Dodging
 - Level 22.0 Shields
 - Level 8.0 Spellcasting
 - Level 11.7 Hexes
 - Level 7.0 Translocations
 - Level 8.0 Transmutations
 - Level 1.0 Fire Magic
 + Level 19.0 Invocations
 - Level 8.0 Evocations


You had 24 spell levels left.
You knew the following spells:

 Your Spells              Type           Power      Damage    Failure   Level
b - Sigil of Binding      Hex            35%        N/A       1%          3
c - Cause Fear            Hex            17%        N/A       1%          4
d - Wereblood             Tmut           26%        N/A       1%          2
e - Dimensional Bullseye  Hex/Tloc       14%        N/A       3%          4
f - Yara's Violent Unrav  Hex/Tmut       15%        3d8       9%          5

Your spell library contained the following spells:

 Spells                   Type           Power      Damage    Failure   Level
 Apportation              Tloc           46%        N/A       1%          1
 Blink                    Tloc           46%        N/A       1%          2
 Jinxbite                 Hex            70%        N/A       1%          2
 Lesser Beckoning         Tloc           46%        N/A       1%          2
 Ensorcelled Hibernation  Hex/Ice        40%        N/A       2%          2
 Gell's Gravitas          Tloc           23%        N/A       2%          3
 Teleport Other           Tloc           23%        N/A       2%          3
 Inner Flame              Hex/Fire       21%        N/A       3%          3
 Passwall                 Tmut/Erth      12%        N/A       4%          2
 Dazzling Flash           Conj/Hex       40%        N/A       4%          3
 Momentum Strike          Conj/Tloc      28%        3d8       6%          2
 Volatile Blastmotes      Fire/Tloc      30%        2d12      10%         3
 Manifold Assault         Tloc           23%        N/A       10%         4
 Foxfire                  Conj/Fire      24%        2x1d5     14%         1
 Anguish                  Hex/Necr       10%        N/A       16%         4
 Fulminant Prism          Conj/Hex       10%        3d9       16%         4
 Magic Dart               Conj           20%        1d4       17%         1
 Necrotise                Necr           20%        1d5       17%         1
 Shock                    Conj/Air       20%        1d4       17%         1
 Cigotuvi's Dreadful Rot  Necr/Pois/Air  10%        N/A       26%         2
 Petrify                  Tmut/Erth      15%        N/A       32%         4
 Iskenderun's Mystic Bla  Conj/Tloc      14%        2d5       36%         4
 Vhi's Electric Charge    Tloc/Air       28%        N/A       36%         4
 Metabolic Englaciation   Hex/Ice        10%        N/A       38%         5
 Silence                  Hex/Air        10%        N/A       38%         5
 Frozen Ramparts          Ice            10%        1d2       45%         3
 Hailstorm                Conj/Ice       5%         3d4       45%         3
 Mephitic Cloud           Conj/Pois/Air  5%         N/A       45%         3
 Ozocubu's Armour         Ice            5%         N/A       45%         3
 Stone Arrow              Conj/Erth      10%        3d7       45%         3
 Swiftness                Air            5%         N/A       45%         3
 Vampiric Draining        Necr           5%         2d6       45%         3
 Alistair's Intoxication  Tmut/Pois      10%        N/A       65%         5
 Irradiate                Conj/Tmut      7%         3d14      65%         5
 Enfeeble                 Hex            17%        N/A       75%         7
 Flame Wave               Conj/Fire      6%         2d5       80%         4
 Sticky Flame             Conj/Fire      6%         2d3       80%         4
 Dispersal                Tloc           11%        N/A       82%         6
 Airstrike                Air            2%         2d(1-17)  86%         4
 Brom's Barrelling Bould  Conj/Erth      5%         2d3       86%         4
 Dispel Undead            Necr           5%         3d7       86%         4
 Fireball                 Conj/Fire      3%         3d4       98%         5
 Agony                    Necr           5%         N/A       99%         5
 Arcjolt                  Conj/Air       2%         1d12      99%         5
 Iskenderun's Battlesphe  Conj           5%         2d6       99%         5
 Lee's Rapid Deconstruct  Erth           2%         3d5*      99%         5
 Bombard                  Conj/Erth      2%         9d1       100%        6
 Conjure Ball Lightning   Conj/Air       2%         3x3d6     100%        6
 Plasma Beam              Fire/Air       3%         2x1d13    100%        6
 Starburst                Conj/Fire      3%         6d3       100%        6
 Orb of Destruction       Conj           2%         9d5       100%        7
 Ozocubu's Refrigeration  Ice            2%         4d8       100%        7
 Borgnjor's Revivificati  Necr           2%         N/A       100%        8
 Discord                  Hex            17%        N/A       100%        8
 Disjunction              Tloc           11%        N/A       100%        8
 Maxwell's Capacitive Co  Air            2%         ∞         100%        8
 Death's Door             Necr           2%         N/A       100%        9
 Summon Guardian Golem    Hex/Summ       Unusable   N/A       N/A         3
 Summon Small Mammal      Summ           Unusable   N/A       N/A         1
 Call Imp                 Summ           Unusable   N/A       N/A         2
 Call Canine Familiar     Summ           Unusable   N/A       N/A         3
 Animate Armour           Summ/Erth      Unusable   N/A       N/A         4
 Animate Dead             Necr           Unusable   N/A       N/A         4
 Summon Ice Beast         Ice/Summ       Unusable   N/A       N/A         4
 Summon Lightning Spire   Summ/Air       Unusable   N/A       N/A         4
 Death Channel            Necr           Unusable   N/A       N/A         6
 Simulacrum               Ice/Necr       Unusable   N/A       N/A         6
 Haunt                    Necr/Summ      Unusable   N/A       N/A         7
 Malign Gateway           Summ/Tloc      Unusable   N/A       N/A         7
 Spellforged Servitor     Conj/Summ      Unusable   N/A       N/A         7
 Infestation              Necr           Unusable   N/A       N/A         8
 Summon Horrible Things   Summ           Unusable   N/A       N/A         8
 Dragon's Call            Summ           Unusable   N/A       N/A         9

Inventory:

Hand Weapons
 s - a +5 hand cannon of electrocution
   (You took it off a yaktaur captain on level 4 of the Vaults)
 M - the +8 hand cannon "Dobbagg" (weapon) {heavy, Drain MP+9 Stlth+}
   (Okawaru gifted it to you on level 2 of the Lair of Beasts)

   MP+9:      It affects your magic capacity (+9).
   Drain:     It drains your maximum health when unequipped.
   Stlth+:    It makes you more stealthy.
Armour
 b - the +2 shield of Resistance (worn) {rF++ rC++ Will++}
   (You found it on level 5 of the Vaults)

   rF++:      It greatly protects you from fire.
   rC++:      It greatly protects you from cold.
   Will++:    It greatly increases your willpower.
 d - a +2 pair of gloves of stealth (worn)
   (Okawaru gifted it to you on level 2 of the Lair of Beasts)
 E - a +2 pair of boots of rampaging (worn)
   (You bought it in a shop on level 3 of the Dungeon)
 R - a +2 cloak of cold resistance (worn)
   (You found it in an ice cave)
 V - a +2 hat (worn)
   (You found it on level 2 of the Spider Nest)
Jewellery
 c - a +6 ring of dexterity (right hand)
   (You bought it in a shop on level 1 of the Orcish Mines)
 f - the ring of Circularity {rN+ Str+4 Slay+3}
   (You took it off a skeletal warrior on level 3 of the Crypt)

   [ring of positive energy]

   Str+4:     It affects your strength (+4).
   Slay+3:    It affects your accuracy & damage with ranged weapons and melee
   (+3).
   rN+:       It protects you from negative energy.
 v - a ring of flight
   (You found it on level 5 of the Dungeon)
 F - the ring of Wyonk {rPois rF+ rN+ Int-3}
   (You took it off a deep elf pyromancer on level 3 of the Elven Halls)

   [ring of positive energy]

   Int-3:     It affects your intelligence (-3).
   rF+:       It protects you from fire.
   rPois:     It protects you from poison rN+: It protects you from negative
   energy.
 J - the ring "Pohot" (left hand) {Will+ AC+4 Str+3 Int-3 SInv}
   (You found it on level 3 of the Depths)

   [ring of protection]

   AC+4:      It affects your AC (+4).
   Str+3:     It affects your strength (+3).
   Int-3:     It affects your intelligence (-3).
   Will+:     It increases your willpower.
   SInv:      It lets you see invisible.
 Z - the amulet of Liad (around neck) {Faith Rampage Fragile rElec}
   (You bought it in a shop on level 1 of the Vaults)

   [amulet of faith]

   Faith:     It allows you to gain divine favour quickly.
   rElec:     It insulates you from electricity.
   Fragile:   It will be destroyed if unequipped.
   Rampage:   It bestows one free step when moving towards enemies.
Wands
 a - a wand of flame (121)
   (You found it on level 8 of the Dungeon)
 k - a wand of polymorph (35)
   (You found it on level 1 of the Swamp)
 p - a wand of quicksilver (21)
   (You took it off an orc wizard on level 11 of the Dungeon)
 K - a wand of mindburst (45)
   (You bought it in a shop on level 9 of the Dungeon)
 L - a wand of iceblast (40)
   (You found it on level 2 of the Lair of Beasts)
 P - a wand of paralysis (28)
   (You found it on level 12 of the Dungeon)
 S - a wand of digging (2)
   (You found it on level 2 of the Vaults)
Scrolls
 e - 8 scrolls of teleportation {@r4}
 i - 4 scrolls of fear
 j - 7 scrolls of immolation {!r!r}
 l - 11 scrolls of poison {!r}
 q - 3 scrolls of silence {!r}
 t - 10 scrolls of vulnerability {!r!r}
 C - 3 scrolls of fog
 I - 2 scrolls of enchant armour
 N - a scroll of blinking {!r}
 X - 4 scrolls of amnesia
Potions
 g - 6 potions of resistance
 h - 15 potions of curing {@q1}
 m - 9 potions of haste {@q3}
 n - 5 potions of enlightenment
 u - 3 potions of cancellation
 w - 10 potions of invisibility
 z - 6 potions of magic
 A - 2 potions of mutation {!q}
 B - 3 potions of heal wounds {@q2}
 G - 13 potions of might
 T - 4 potions of brilliance
 U - a potion of ambrosia
Miscellaneous
 x - a phial of floods
   (You found it on level 2 of the Swamp)
 Q - a lightning rod (4/4)
   (You found it on level 4 of the Spider Nest)

Dungeon Overview and Level Annotations

Branches:
Dungeon (15/15)            Temple (1/1) D:7            Lair (5/5) D:8
  Swamp (4/4) Lair:2       Spider (4/4) Lair:3        Slime (0/5) Lair:5
    Orc (2/2) D:11            Elf (3/3) Orc:2        Vaults (5/5) D:14
  Crypt (3/3) Vaults:3       Tomb (0/3) Crypt:3      Depths (4/4) D:15
    Zot (5/5) Depths:4      Sewer (visited)         Ossuary (visited)
 Bailey (visited)           IceCv (visited)

Altars:
Ashenzari
Cheibriados
Dithmenos
Elyvilon
Fedhas
Gozag
Hepliaklqana
Kikubaaqudgha
Makhleb
Nemelex Xobeh
Okawaru
Qazlal
Ru
Sif Muna
Trog
Uskayaw
Vehumet
Wu Jian
Xom
Yredelemnul
Zin
The Shining One
Jiyva

Shops:
D:3 *   D:6 *   D:9 :*(=(   Orc:1 =   Orc:2 *:*(   Elf:3 !   Vaults:1 =
Vaults:2 :   Vaults:3 *   Vaults:4 [   Depths:4 *

Portals:
Hell: Depths:1 Depths:2 Depths:3 Depths:4
Abyss: Depths:3 Depths:4
Pandemonium: Depths:2
Ziggurat: Depths:2

Annotations:
D:8 2 runed translucent doors, AceOff's ghost, novice DsFi
D:14 3 runed translucent doors, Sauxt's ghost, journeyman GrEE
Lair:1 3 runed translucent doors, Weusopre's ghost, novice DrCj
Swamp:4 Roxanne
Orc:1 1 runed translucent door, Ruqauth's ghost, journeyman VSSh
Elf:2 3 runed translucent doors
Depths:1 3 runed translucent doors, Gawoomn's ghost, adept HOMo
Zot:1 3 transporters, exclusion: downstairs, Emnejil's ghost, master VSBe
Zot:2 exclusion: upstairs

...................#####
................[......#
.........###..####.###.#
##....##)# ##.# #.###>#
##.#.##.####.####.##..######
#.#.#.....................#
###.#....P#~#P.....P#~#P..#.#
....#.(.P##~##P...P##~##P.#.#
####..#..~~~~~..@..~~~~~..#.#
#.##.P##~##P...P##~##P.#.#
#.##..P#~#P.....P#~#P..#.#
#.##...................#.#
#.##..####.###..#.######.##
#.###.####.#
##...#####...####
####.###....#.#
###.............
....#.........#
#.#####...####
####.######.### #†# ##.##


There were no monsters in sight!


Message History

The bolt barely misses the blizzard demon.
You shoot a bolt. The bolt hits the blizzard demon!!
You feel like a meek peon again. The blizzard demon gestures at you.
The bolt of cold misses you.
You shoot a bolt. The bolt hits the blizzard demon!!!
You kill the blizzard demon!
Okawaru accepts your kill.
No target in view!
There is a stone staircase leading up here.
You climb upwards.
There is a stone staircase leading down here.
There is a stone staircase leading up here.
You climb upwards.
There is a stone staircase leading down here.
A blizzard demon comes into view.
There is a stone staircase leading up, spattered with blood here.
You climb upwards.
There is a stone staircase leading down, spattered with blood here.
You see here a +0 shortbow {bow}.
There is an open door here.
An Ice Fiend comes into view.
You see here a +0 flail {mace}.
There is a stone staircase leading up here.
You climb upwards.
Level annotation: 2 runed translucent doors, AceOff's ghost, novice DsFi
There is a stone staircase leading down here.
There is a fountain of clear blue water here.
Things that are here:
a +0 short sword {short}; 5 stones {throwing}; a +0 whip {mace}
There is a fountain of clear blue water here.
Things that are here:
3 stones {throwing}; a +0 short sword {short}
Things that are here:
3 stones {throwing}; a +0 club {mace}
Things that are here:
a +0 short sword {short}; a +0 dagger {short}
Things that are here:
a +0 short sword {short}; a +0 dagger {short}
There is a stone staircase leading up here.
You climb upwards.
There is a stone staircase leading down here.
There is a stone staircase leading up here.
You climb upwards.
There is a stone staircase leading down here.
There is a stone staircase leading up here.
You climb upwards.
There is a stone staircase leading down here.
A hellion comes into view.
Unknown command.
There is a stone staircase leading up here.
You climb upwards.
A Brimstone Fiend comes into view.
There is a stone staircase leading down here.
You can now deal lightning-fast blows. 😎 MP[-5]
You lost 5 mp, and now have 40/45 mp.
Fire: M) +8 hand cannon "Dobbagg" {heavy, Drain MP+9 Stlth+}
Press: ? - help, Shift-Dir - straight line, f - Brimstone Fiend
Aim: a Brimstone Fiend (88% to hit)
You shoot a bolt. The bolt hits the Brimstone Fiend!!!
Fire: M) +8 hand cannon "Dobbagg" {heavy, Drain MP+9 Stlth+}
Press: ? - help, Shift-Dir - straight line, f/p - Brimstone Fiend
Aim: a Brimstone Fiend (severely wounded, 88% to hit)
You shoot a bolt. The bolt hits the Brimstone Fiend!!!!
You kill the Brimstone Fiend!
Okawaru accepts your kill.
Your Invocations skill increases to level 19!
Fire: M) +8 hand cannon "Dobbagg" {heavy, Drain MP+9 Stlth+}
Press: ? - help, Shift-Dir - straight line, f - you That would be overly suicidal.
Unknown command.
What level of the Dungeon? (default 1, ? - help)
There is a stone staircase leading up here.
You climb upwards.
There is a stone staircase leading down here.
You see here a +0 falchion {long}.
There is a stone staircase leading up here.
You climb upwards.
There is a stone staircase leading down here.
There is a stone staircase leading up here.
You climb upwards.
There is a stone staircase leading down here. 😎 MP[+5]
Your mp is fully restored (45).
You enter the shallow water.
Moving in this stuff is going to be slow.
A soul eater comes into view.
You shoot a bolt. The bolt hits the soul eater!!!
You shoot a bolt. The bolt hits the soul eater!!
You kill the soul eater!
Okawaru accepts your kill.
No target in view!
Okay, then.
Unknown command.
You see here a stone {throwing}.
You enter the shallow water.
Moving in this stuff is going to be slow.
There is a staircase leading out of the dungeon here.
You have escaped!

Skill      XL: |  1  2  3  4  5  6  7  8  9 10 11 12 13 14 15 16 17 18 19 20 21 22 23 24 25 26 27 |
---------------+----------------------------------------------------------------------------------+-----
Ranged Weapons | 2 3 4 5 6 8 9 12 13 15 16 18 20 22 | 22.1
Hexes          | 3 8 11 | 11.7
Fighting       | 5 6 10 12 15 16 19 20 22 | 22.0
Dodging        | 6 9 10 13 14 16 19 20 21 22 | 22.0
Invocations    | 5 8 10 12 18 19 | 19.0
Evocations     | 4 8 |  8.0
Shields        | 8 13 14 17 21 22 | 22.0
Transmutations | 5 8 |  8.0
Translocations | 7 |  7.0
Spellcasting   | 4 8 |  8.0
Fire Magic     | |  1.0

Action                     |  1- 3 |  4- 6 |  7- 9 | 10-12 | 13-15 | 16-18 | 19-21 | 22-24 | 25-27 || total
---------------------------+-------+-------+-------+-------+-------+-------+-------+-------+-------++-------
   Fire: Sling             |   160 |   147 |   250 |       |       |       |       |       |       ||   557
         Hand cannon       |       |       |   264 |   672 |   726 |   668 |  1329 |  1486 |   960 ||  6105
  Throw: Dart              |       |     4 |     6 |     2 |       |       |       |       |       ||    12
   Cast: Jinxbite          |     9 |    14 |    16 |       |       |       |       |       |       ||    39
         Cause Fear        |       |       |       |       |       |     2 |    13 |     4 |     3 ||    22
         Wereblood         |       |       |       |       |       |       |    20 |    13 |     8 ||    41
         Yara's Violent Un |       |       |       |       |       |       |     6 |     9 |     3 ||    18
         Dimensional Bulls |       |       |       |       |       |       |     5 |    46 |    32 ||    83
 Invoke: Heroism           |       |       |       |    12 |    24 |    24 |    25 |    31 |    22 ||   138
         Finesse           |       |       |       |     2 |    16 |    13 |    13 |    16 |    17 ||    77
         Receive Weapon    |       |       |       |     1 |       |       |       |       |       ||     1
         Receive Armour    |       |       |       |     1 |       |       |       |       |       ||     1
Ability: Breathe Dispellin |       |       |    16 |    22 |     1 |       |     2 |       |     1 ||    42
  Evoke: Wand              |       |       |       |    22 |       |       |     3 |     3 |       ||    28
         Lightning rod     |       |       |       |       |       |       |     3 |     4 |       ||     7
         Phial of floods   |       |       |       |       |       |       |       |     1 |       ||     1
    Use: Potion            |       |       |     1 |    10 |     2 |    10 |     2 |    10 |    13 ||    48
         Scroll            |       |       |    11 |    11 |    14 |     9 |     9 |    15 |    13 ||    82
 Armour: Skin              |    55 |    48 |   160 |   385 |   215 |   238 |   537 |   429 |   420 ||  2487
  Dodge: Dodged            |    65 |    57 |   179 |   365 |   235 |   283 |   680 |   689 |   651 ||  3204
  Block: Buckler           |       |       |       |       |    31 |       |       |       |       ||    31
         Kite shield       |       |       |       |       |   191 |   389 |  1082 |  1062 |   678 ||  3402

Levels and vault maps discovered:
D:1:      eino_arrival_water_cross, layout_loops_ring, serial_bayou_pond_b
D:2:      layout_loops_ring
D:3:      layout_basic, mainiacjoe_overflow_24_doors, serial_shops, shop
D:4:      wander_river, layout_basic, minmay_misc_feat_more_columns
D:5:      layout_rooms, lightli_sewer_entry_pipes, amethyst_killhole
D:6:      layout_basic, serial_shops, shop, kennysheep_generic_room_11
D:7:      layout_cave_pools, mainiacjoe_overflow_big_doors,
          minmay_temple_entry_wispy
D:8:      layout_basic, nicolae_qazlal_style_of_elements,
          grunt_lair_entry_orc_guard_hut, ebering_ghost_disaster_area,
          nicolae_ossuary_entry_false_entrances, nicolae_elevator_lobby_plus
D:9:      layout_stronghold, mainiacjoe_overflow_concentric_impassable,
          serial_shops, shop, shop_fountains, shop, nicolae_shop_peninsula,
          nicolae_shop_bloodbath_and_beyond
D:10:     layout_cave_pools, chequers_temple_overflow_minitemple,
          lightli_bailey_entry_fortress
D:11:     layout_long_grid, orc_0_dummy
D:12:     layout_basic, nicolae_elyvilon_temple_path
D:13:     layout_gridville, uniq_nessos
D:14:     layout_basic, erik_vaults_1, gammafunk_ghost_hydra_chop,
          kennysheep_small_spiral, portal_ice_cave_entry_horrid_things,
          minmay_misc_feat_roman, minmay_nine_imps
D:15:     gammafunk_enter_depths_forms, layout_basic, tso_altar, serial_curves,
          eino_curves_03, eino_curves_02, eino_curves_01, eino_curves_02,
          minmay_crystal_room
Temple:   dpeg_chambers_temple
Lair:1:   layout_chaotic_city, gammafunk_ghost_necromancy, guppyfry_lair_drakes,
          uniq_urug
Lair:2:   layout_cave_pods, nicolae_swamp_entry_splash_gauntlet,
          chequers_serial_rivers_large_a, grunt_megastairs_2,
          serial_bayou_shore_b, uniq_harold
Lair:3:   cheibrodos_lair_river_kwai, layout_chaotic_city,
          hellmonk_spider_entry_life_and_decay
Lair:4:   layout_gridlike, minmay_lindwurm_lava, grunt_megastairs_5
Lair:5:   grunt_lair_end_beastmaster, layout_regular_city, slime_entry_1,
          serial_bayou_lake_a, uniq_josephine
Swamp:1:  layout_basic_swamp, evilmike_swamp_ruin_house_2
Swamp:2:  layout_basic_swamp, evilmike_swamp_ruin_house_3,
          nicolae_swamp_super_fun_site
Swamp:3:  layout_falls_marsh, serial_swamp_ruin, evilmike_swamp_ruin_house_4,
          evilmike_swamp_ruin_rubble_2, swamp_pool1, infiniplex_staircase_pool_2
Swamp:4:  swamp_alternative, layout_basic_swamp, uniq_roxanne
Spider:1: layout_cave_pods
Spider:2: nicolae_spider_hilbert_zone_7 [nicolae_spider_hilbert_4_sides_1_open,
          nicolae_spider_hilbert_4_sides_1_open,
          nicolae_spider_hilbert_4_sides_1_open,
          nicolae_spider_hilbert_4_sides_1_open,
          nicolae_spider_hilbert_3_sides_1_open,
          nicolae_spider_hilbert_3_sides_1_open,
          nicolae_spider_hilbert_3_sides_1_open,
          nicolae_spider_hilbert_3_sides_1_open,
          nicolae_spider_hilbert_4_sides_1_open,
          nicolae_spider_hilbert_4_sides_1_open,
          nicolae_spider_hilbert_4_sides_1_open,
          nicolae_spider_hilbert_2_sides_1_open,
          nicolae_spider_hilbert_2_sides_1_open,
          nicolae_spider_hilbert_2_sides_1_open,
          nicolae_spider_hilbert_2_sides_1_open,
          nicolae_spider_hilbert_2_sides_1_open,
          nicolae_spider_hilbert_2_sides_1_open], uniq_aizul, uniq_arachne,
          uniq_nikola, uniq_louise
Spider:3: layout_cave_pods
Spider:4: floodkiller_spider_rune_tomb, nicolae_spider_not_touching_you,
          uniq_bai_suzhen, uniq_asterion
Orc:1:    layout_caves, gammafunk_ghost_grave, serial_shops, nicolae_shop_stone,
          elves_outpost_lemuel
Orc:2:    st_orc_pillars, layout_diamond_mine, uniq_azrael
Elf:1:    kennysheep_room_grid, layout_loops_cross, minmay_elf_demonology,
          minivault_27
Elf:2:    nicolae_elf_blades_splatter_lattice [mumra_blade_entry_bloodbath],
          layout_geoelf_grid
Elf:3:    elf_hall, layout_geoelf_octagon, basic_altar, serial_shops,
          nicolae_shop_advertising_works [nicolae_subvault_shop_adworks]
Vaults:1: nicolae_vaults_network_square, hangedman_vaults_restitches,
          nicolae_vaults_little_squares_4, grunt_vaults_hallway_short,
          nicolae_vaults_little_squares_6,
          vaults_standard_mumra_enter_the_diamond, v_misc_31,
          vaults_room_hallway, nicolae_vaults_cochlea, nicolae_vaults_little_ls,
          nicolae_vaults_rhombus_7, ontoclasm_vaults_loading_screen, v_misc_5,
          layout_vaults_omnicross, serial_shops, shop
Vaults:2: nicolae_vaults_windows_and_doors_thing,
          dpeg_vaults_pockets_of_resistance, vaults_room_stairs_pillars,
          ontoclasm_vaults_gateway, v_misc_26, nicolae_vaults_double_plus_1,
          layout_vaults_big_room, serial_shops,
          nicolae_shop_tiny_real_fake_doors
Vaults:3: nicolae_vaults_heart-shaped_vault, minmay_crypt_entry_simple_box,
          grunt_vaults_hallway_short, nicolae_vaults_meiosis,
          nicolae_vaults_theta, vaults_room_corners,
          nicolae_vaults_storage_closets_3, hangedman_vaults_cutoff, v_misc_22,
          layout_vaults_ring, serial_shops, nicolae_shop_real_fake_doors
Vaults:4: nicolae_vaults_double_plus_2, kb_rosetta, vaults_room_ringed_pool,
          nicolae_vaults_ring_of_whatevers, vaults_dpeg_cross,
          nicolae_vaults_tetromino_L_1, vaults_room_semicircle, v_misc_29,
          nicolae_vaults_back_hallway, nicolae_vaults_tetromino_T_2,
          nicolae_vaults_little_squares_6, nicolae_vaults_turnstiles,
          nicolae_vaults_taking_the_gang_shopping, layout_vaults_omnibox
Vaults:5: serial_shops, uniq_mara
Crypt:1:  layout_catacombs, st_stairs_3, grunt_crypt_arrival_webbed
Crypt:2:  layout_chaotic_city, uniq_sojobo
Crypt:3:  evilmike_haunted_forest, uniq_saint_roka
Depths:1: layout_cave_shapes, ebering_ghost_disaster_area,
          hangedman_abyss_or_decor_stabs, grunt_metal_band, abandoned_shop,
          grunt_absolute_annihilation
Depths:2: regret_index_dithmenos_brocken_genspenst, layout_gridville,
          enter_ziggurat_a, pan_entry, hell_entry, kennysheep_boxes, uniq_norris
Depths:3: minmay_swirls_squares, layout_long_grid, pf_coc_iceberg,
          nicolae_abyss_entry_one_way_or_another, nemelex_lonely_heart_becter
Depths:4: grunt_twist_and_shout, layout_basic, serial_shops,
          nicolae_lakefront_shop, abyss_entry, hangedman_tar_grid_catacomb
Zot:1:    gammafunk_sealed_library, layout_gridlike, gammafunk_ghost_arena
Zot:2:    layout_onion, uniq_parghit
Zot:3:    layout_concentric_octagons, gammafunk_ghost_grave,
          grunt_ministairs_13, hangedman_zot_decor_scrapings
Zot:4:    layout_basic, skrybe_zot_glass_3
Zot:5:    layout_cathedral_of_symmetry, st_stairs_11

Notes
Turn   | Place    | Note
-------+----------+-------------------------------------------
     0 | D:1      | MackTheKnife the Draconian Hexslinger began the quest for
                  | the Orb.
     0 | D:1      | Reached XP level 1. HP: 16/16 MP: 2/2
     0 | D:1      | magus.rc [v1.9.6]
    43 | D:1      | Reached skill level 2 in Ranged Weapons
   197 | D:1      | Reached XP level 2. HP: 23/23 MP: 3/3
   200 | D:1      | Learned a level 2 spell: Jinxbite
  1178 | D:2      | Reached skill level 3 in Ranged Weapons
  1178 | D:2      | Reached skill level 3 in Hexes
  1178 | D:2      | Reached XP level 3. HP: 28/28 MP: 4/4
  1945 | D:3      | Reached XP level 4. HP: 35/35 MP: 2/5
  2029 | D:3      | Found a blossoming altar of Fedhas.
  2075 | D:3      | Reached skill level 4 in Ranged Weapons
  2312 | D:3      | Reached XP level 5. HP: 40/40 MP: 6/6
  2360 | D:3      | Found Syesom's Assorted Antiques.
  2398 | D:3      | magus.rc [v1.9.6]
  2566 | D:4      | Reached skill level 5 in Ranged Weapons
  2843 | D:4      | Reached XP level 6. HP: 32/47 MP: 4/7
  3057 | D:4      | Reached skill level 6 in Ranged Weapons
  3689 | D:5      | Entered Level 5 of the Dungeon
  3742 | D:4      | Your scales start taking on a rich purple colour.
  3742 | D:4      | Reached XP level 7. HP: 52/52 MP: 5/8
  3792 | D:5      | Reached skill level 7 in Ranged Weapons
  3878 | D:5      | Noticed a steam dragon
  3883 | D:5      | Killed a steam dragon
  3884 | D:5      | Reached skill level 8 in Ranged Weapons
  4050 | D:5      | Found a glowing drain.
  4055 | Sewer    | Entered a sewer
  4773 | Sewer    | Reached XP level 8. HP: 59/59 MP: 6/9
  5449 | D:6      | Reached skill level 2 in Fighting
  5578 | D:6      | Reached skill level 3 in Fighting
  5944 | D:3      | Bought a pair of glowing boots for 172 gold pieces
  6159 | D:6      | Reached skill level 9 in Ranged Weapons
  6169 | D:6      | Reached skill level 4 in Fighting
  6338 | D:6      | Found Suca's Assorted Antiques.
  6400 | D:6      | You pick up a book of Death and begin reading...
  6400 | D:6      | You add the spells Animate Dead, Haunt and Infestation to
                  | your library.
  6632 | D:6      | Reached skill level 5 in Fighting
  6973 | D:7      | Reached XP level 9. HP: 60/75 MP: 10/10
  7022 | D:7      | Found a burning altar of Makhleb.
  7029 | D:7      | Found a sacrificial altar of Ru.
  7057 | D:7      | Reached skill level 6 in Fighting
  7078 | D:7      | Reached skill level 10 in Ranged Weapons
  7515 | D:7      | Reached skill level 11 in Ranged Weapons
  7863 | D:7      | Found a staircase to the Ecumenical Temple.
  7879 | Temple   | Entered the Ecumenical Temple
  7892 | Temple   | Became a worshipper of Warmaster Okawaru
  8128 | D:8      | Found a sand-covered staircase.
  8133 | Ossuary  | Entered an ossuary
  8671 | D:8      | Noticed an elephant
  8793 | D:8      | Reached skill level 12 in Ranged Weapons
  8812 | D:8      | You pick up a book of Minor Magic and begin reading...
  8812 | D:8      | You add the spells Magic Dart and Mephitic Cloud to your
                  | library.
  8846 | D:8      | Killed an elephant
  8846 | D:8      | Reached * piety under Okawaru
  8847 | D:8      | Reached XP level 10. HP: 50/83 MP: 9/11
  9040 | D:8      | Reached ** piety under Okawaru
  9241 | D:8      | Found a stormy altar of Qazlal.
  9273 | D:8      | HP: 19/83 [poisoned by a killer bee]
  9544 | D:8      | Found a large runed translucent door.
  9544 | D:8      | Found a large runed translucent door.
  9546 | D:8      | Noticed AceOff's ghost (novice DsFi)
  9931 | D:8      | Found a staircase to the Lair.
  9938 | D:8      | Reached skill level 13 in Ranged Weapons
 10263 | D:9      | You pick up a book of Iron and begin reading...
 10272 | D:8      | Learned a level 3 spell: Mephitic Cloud
 10272 | D:8      | magus.rc [v1.9.6]
 10282 | D:9      | Found a bloodstained altar of Trog.
 10384 | D:9      | Reached skill level 7 in Fighting
 10510 | D:9      | Reached *** piety under Okawaru
 10908 | D:9      | Reached skill level 8 in Fighting
 11283 | D:9      | Found Osihuch's Assorted Antiques.
 11283 | D:9      | Found Xuirerio's Book Shoppe.
 11297 | D:9      | Bought a potion of heal wounds for 130 gold pieces
 11297 | D:9      | Bought a runed iron wand for 104 gold pieces
 11297 | D:9      | Bought a fizzy amethyst potion for 23 gold pieces
 11297 | D:9      | Bought a fizzy amethyst potion for 23 gold pieces
 11347 | D:9      | Found Zynum's Jewellery Boutique.
 11392 | D:9      | Found Iqetunn's Weapon Shop.
 11578 | D:9      | Found Ficec's Weapon Boutique.
 11844 | D:10     | Entered Level 10 of the Dungeon
 11845 | D:10     | Found an opulent altar of Gozag.
 11903 | D:10     | Noticed a two-headed ogre
 11954 | D:10     | Found a flagged portal.
 11963 | Bailey   | Entered a bailey
 11976 | Bailey   | Reached skill level 9 in Fighting
 11984 | Bailey   | HP: 21/91 [human/+0 war axe (9)]
 12136 | Bailey   | Reached **** piety under Okawaru
 12144 | Bailey   | Reached skill level 10 in Fighting
 12152 | Bailey   | Reached XP level 11. HP: 79/99 MP: 12/12
 12166 | Bailey   | Noticed Prince Ribbit
 12166 | Bailey   | Noticed a vault guard
 12199 | Bailey   | Killed Prince Ribbit
 12206 | Bailey   | Killed a vault guard
 12480 | Bailey   | Noticed a vault guard
 12495 | Bailey   | Killed a vault guard
 12496 | Bailey   | Reached skill level 11 in Fighting
 12919 | D:10     | Killed a two-headed ogre
 12919 | D:10     | Reached ***** piety under Okawaru
 12920 | D:10     | Reached skill level 2 in Dodging
 13124 | D:10     | Reached skill level 3 in Dodging
 13538 | D:10     | Found a faded altar of an unknown god.
 13544 | D:10     | Found an ancient bone altar of Kikubaaqudgha.
 13550 | D:10     | Found a faded altar of an unknown god.
 13552 | D:10     | Found a basalt altar of Yredelemnul.
 13944 | Lair:1   | Entered Level 1 of the Lair of Beasts
 14002 | Lair:1   | Reached skill level 12 in Fighting
 14123 | Lair:1   | Reached skill level 4 in Dodging
 14384 | D:8      | Reached skill level 5 in Dodging
 14439 | Lair:1   | Received a gift from Okawaru
 14442 | Lair:1   | Reached skill level 6 in Dodging
 14451 | D:8      | Reached skill level 1 in Invocations
 14553 | D:8      | Reached skill level 2 in Invocations
 14568 | D:8      | Reached skill level 3 in Invocations
 14906 | Lair:1   | Reached skill level 4 in Invocations
 14923 | Lair:1   | Found a runed translucent gate.
 14924 | Lair:1   | Found a runed translucent gate.
 14925 | Lair:1   | Found a runed translucent gate.
 14940 | Lair:1   | Reached skill level 5 in Invocations
 15147 | Lair:1   | Reached XP level 12. HP: 112/112 MP: 16/16
 15217 | Lair:1   | Reached skill level 6 in Invocations
 15360 | Lair:1   | Noticed Urug
 15376 | Lair:1   | Killed Urug
 15382 | Lair:1   | Reached skill level 7 in Invocations
 15761 | Lair:1   | Noticed Weusopre's ghost (novice DrCj)
 15881 | Lair:2   | Received a gift from Okawaru
 16019 | Lair:2   | Reached skill level 8 in Invocations
 16028 | Lair:2   | Reached skill level 1 in Evocations
 16044 | Lair:1   | HP: 22/112 [black mamba (8)]
 16047 | Lair:1   | Reached skill level 2 in Evocations
 16293 | Lair:2   | Reached skill level 3 in Evocations
 16461 | Lair:2   | Reached skill level 4 in Evocations
 17064 | Lair:2   | Noticed Harold
 17070 | Lair:2   | Killed Harold
 17071 | Lair:2   | Reached skill level 7 in Dodging
 17098 | Lair:2   | Found a staircase to the Swamp.
 17261 | Lair:2   | Noticed a death yak
 17262 | Lair:2   | Noticed a death yak
 17284 | Lair:2   | Killed a death yak
 17289 | Lair:2   | Killed a death yak
 17290 | Lair:2   | Reached skill level 8 in Dodging
 17297 | Lair:2   | Noticed a death yak
 17303 | Lair:2   | Noticed a death yak
 17305 | Lair:2   | Killed a death yak
 17305 | Lair:2   | Received a gift from Okawaru
 17305 | Lair:2   | Reached ****** piety under Okawaru
 17318 | Lair:2   | Killed a death yak
 17319 | Lair:2   | Reached skill level 9 in Dodging
 17319 | Lair:2   | Acquired the +8 hand cannon "Dobbagg" {heavy, Drain MP+9
                  | Stlth+}
 17319 | Lair:2   | Received a gift from Okawaru
 17401 | Lair:2   | Acquired a +2 pair of gloves of stealth
 17401 | Lair:2   | Received a gift from Okawaru
 18090 | Lair:3   | Noticed a six-headed hydra
 18094 | Lair:3   | Killed a six-headed hydra
 18094 | Lair:3   | Received a gift from Okawaru
 18129 | Lair:3   | Reached XP level 13. HP: 118/118 MP: 19/19
 18454 | Lair:3   | Found a hole to the Spider Nest.
 18456 | Lair:3   | Reached skill level 14 in Ranged Weapons
 18635 | Lair:3   | Received a gift from Okawaru
 18875 | Lair:3   | You pick up a book of Spectacle and begin reading...
 18875 | Lair:3   | You add the spells Volatile Blastmotes, Dazzling Flash,
                  | Starburst and Maxwell's Capacitive Coupling to your
                  | library.
 18987 | Lair:4   | Identified the of Sarph
 19246 | Lair:4   | Reached skill level 15 in Ranged Weapons
 19268 | Lair:4   | Identified a scroll of acquirement
 19269 | Lair:4   | Acquired a +2 kite shield of cold resistance
 19314 | Lair:4   | Reached skill level 1 in Shields
 19324 | Lair:4   | Reached skill level 2 in Shields
 19347 | Lair:4   | Reached skill level 3 in Shields
 19667 | Lair:4   | Reached skill level 4 in Shields
 19685 | Lair:4   | You pick up a book of Iron and begin reading...
 19702 | Lair:4   | You add the spells Stone Arrow and Bombard to your library.
 19703 | Lair:4   | Identified the +0 robe "Lonwogh" {rF++ Str-3}
 19753 | Lair:4   | Reached skill level 5 in Shields
 19823 | Lair:4   | Acquired 695 gold pieces
 20075 | Lair:4   | Identified the +8 flail "Hupof" {drain, rF+}
 20252 | Lair:5   | Entered Level 5 of the Lair of Beasts
 20270 | Lair:5   | Reached skill level 6 in Shields
 20472 | Lair:5   | Received a gift from Okawaru
 20537 | Lair:5   | Reached skill level 7 in Shields
 20758 | Lair:5   | Received a gift from Okawaru
 20759 | Lair:5   | Reached skill level 8 in Shields
 20761 | Lair:5   | Reached XP level 14. HP: 126/126 MP: 20/20
 20776 | Lair:5   | Found a staircase to the Slime Pits.
 20780 | Lair:5   | Found a viscous altar of Jiyva.
 20789 | Lair:5   | Noticed Josephine
 20795 | Lair:5   | Killed Josephine
 20885 | Lair:5   | Reached skill level 9 in Shields
 21109 | Lair:5   | Reached skill level 10 in Shields
 21110 | Lair:5   | Received a gift from Okawaru
 21338 | Lair:5   | You pick up a book of Fire and begin reading...
 21338 | Lair:5   | You add the spells Foxfire and Plasma Beam to your library.
 21340 | Lair:5   | You pick up a book of the Warp and begin reading...
 21340 | Lair:5   | You add the spells Manifold Assault, Dispersal and
                  | Disjunction to your library.
 22022 | D:11     | Reached skill level 11 in Shields
 22367 | D:11     | Found a staircase to the Orcish Mines.
 22432 | Orc:1    | Entered Level 1 of the Orcish Mines
 22586 | Orc:1    | Reached skill level 12 in Shields
 22785 | Orc:1    | Found a runed translucent door.
 22785 | Orc:1    | Noticed Ruqauth's ghost (journeyman VSSh)
 23173 | Orc:1    | Found Hiodutzo's Jewellery Shop.
 23344 | Orc:2    | Entered Level 2 of the Orcish Mines
 23516 | Orc:2    | Noticed Azrael
 23933 | Orc:2    | Found a staircase to the Elven Halls.
 24094 | Orc:2    | Killed Azrael
 24550 | Orc:2    | Reached skill level 13 in Shields
 24921 | Orc:2    | Learned a level 4 spell: Cause Fear
 24976 | Orc:2    | Reached XP level 15. HP: 106/132 MP: 21/21
 25114 | Orc:2    | Found Oxubij's Book Shop.
 25117 | Orc:2    | Found Lerphos's General Store.
 25118 | Orc:2    | Found Akheggam's Assorted Antiques.
 25119 | Orc:2    | Found Yvuh's Antique Weapon Shop.
 25123 | Orc:2    | Bought a scroll of identify for 36 gold pieces
 25132 | Orc:2    | Bought a fine iron ring for 180 gold pieces
 25132 | Orc:2    | Identified the ring of Duwkeorgh {Wiz Will++ Str-3 Dex-2
                  | Slay+2} (You bought it in a shop on level 2 of the Orcish
                  | Mines)
 25132 | Orc:2    | Bought a scroll of identify for 72 gold pieces
 25132 | Orc:2    | Bought a potion of heal wounds for 180 gold pieces
 25134 | Orc:2    | Bought 2 potions of haste for 360 gold pieces
 25134 | Orc:2    | Bought a book of Changes for 324 gold pieces
 25134 | Orc:2    | You pick up a book of Changes and begin reading...
 25134 | Orc:2    | You add the spells Wereblood and Irradiate to your library.
 25138 | Orc:2    | Learned a level 2 spell: Wereblood
 25326 | D:9      | Bought a +6 ring of dexterity for 468 gold pieces
 25454 | D:12     | Reached skill level 1 in Transmutations
 25629 | D:12     | Reached skill level 2 in Transmutations
 25855 | D:12     | Reached skill level 3 in Transmutations
 25936 | D:12     | Reached skill level 4 in Transmutations
 26416 | D:12     | You pick up a book of Necromancy and begin reading...
 26416 | D:12     | You add the spells Necrotise, Vampiric Draining and Agony
                  | to your library.
 26535 | D:12     | Found a white marble altar of Elyvilon.
 26826 | D:13     | Reached skill level 5 in Transmutations
 26881 | D:13     | Reached skill level 4 in Hexes
 26953 | D:13     | Reached skill level 5 in Hexes
 27039 | D:13     | Noticed Nessos
 27045 | D:13     | Killed Nessos
 27199 | D:13     | Received a gift from Okawaru
 27200 | D:13     | Reached skill level 6 in Hexes
 27362 | D:13     | You pick up a book of Party Tricks and begin reading...
 27362 | D:13     | You add the spells Apportation and Alistair's Intoxication
                  | to your library.
 27375 | D:13     | Identified 2 potions of experience
 27376 | D:13     | Reached skill level 8 in Hexes
 27376 | D:13     | Reached XP level 16. HP: 139/139 MP: 22/22
 27377 | D:13     | Reached skill level 16 in Ranged Weapons
 27377 | D:13     | Reached XP level 17. HP: 146/146 MP: 23/23
 27621 | D:13     | Learned a level 3 spell: Sigil of Binding
 27726 | D:14     | Found a runed translucent gate.
 27726 | D:14     | Found a runed translucent gate.
 27728 | D:14     | Found a runed translucent gate.
 27729 | D:14     | Noticed Sauxt's ghost (journeyman GrEE)
 27769 | D:14     | You add the spells Vhi's Electric Charge and Arcjolt to
                  | your library.
 27818 | D:14     | Reached skill level 9 in Hexes
 27857 | D:14     | Found a gate to the Vaults.
 27901 | D:14     | Found a frozen archway.
 27939 | IceCv    | Entered an ice cave
 27964 | IceCv    | Reached skill level 10 in Hexes
 28086 | IceCv    | Noticed a golden dragon
 28093 | IceCv    | Killed a golden dragon
 28093 | IceCv    | Identified +0 gold dragon scales
 28094 | IceCv    | Reached skill level 11 in Hexes
 28172 | IceCv    | Identified the amulet of Fyzxiaq {Reflect rC+ Will+ Str+2
                  | Dex-4 SH+5}
 28873 | D:14     | Learned a level 4 spell: Dimensional Bullseye
 29051 | D:15     | Entered Level 15 of the Dungeon
 29108 | D:15     | Found a glowing golden altar of the Shining One.
 29179 | D:15     | Reached skill level 1 in Translocations
 29184 | D:15     | Reached skill level 2 in Translocations
 29355 | D:15     | Reached skill level 3 in Translocations
 29623 | D:15     | Reached skill level 4 in Translocations
 29923 | D:15     | a formless jellyfish changed into a quicksilver dragon
 29923 | D:15     | Noticed a quicksilver dragon (glowing shapeshifter)
 29926 | D:15     | a quicksilver dragon changed into an eleionoma
 30166 | D:15     | Reached skill level 5 in Translocations
 30323 | D:15     | Found a staircase to the Depths.
 30656 | Swamp:1  | Entered Level 1 of the Swamp
 30797 | Swamp:1  | You pick up a book of the Senses and begin reading...
 30817 | Swamp:1  | Reached skill level 6 in Translocations
 30861 | Swamp:1  | HP: 35/146 [poison (poison gas)]
 30866 | Swamp:1  | HP: 28/146 [poison (poison gas)]
 31186 | Swamp:1  | Gained mutation: You possess an exceptional clarity of
                  | mind. [potion of mutation]
 31186 | Swamp:1  | Gained mutation: You have hidden genetic potential. [potion
                  | of mutation]
 31186 | Swamp:1  | Gained mutation: You occasionally lose the ability to drink
                  | potions when taking damage. [potion of mutation]
 31187 | Swamp:1  | Lost mutation: You occasionally lose the ability to drink
                  | potions when taking damage. [potion of mutation]
 31187 | Swamp:1  | Lost mutation: You have hidden genetic potential. [potion
                  | of mutation]
 31187 | Swamp:1  | Gained mutation: You occasionally lose the ability to drink
                  | potions when taking damage. [potion of mutation]
 31187 | Swamp:1  | Gained mutation: You have large cloven feet. [potion of
                  | mutation]
 31188 | Swamp:1  | Lost mutation: You possess an exceptional clarity of mind.
                  | [potion of mutation]
 31188 | Swamp:1  | Lost mutation: You occasionally lose the ability to drink
                  | potions when taking damage. [potion of mutation]
 31188 | Swamp:1  | Gained mutation: You passively map a small area around you.
                  | [potion of mutation]
 31188 | Swamp:1  | Gained mutation: You occasionally shout uncontrollably at
                  | your foes. [potion of mutation]
 31247 | Swamp:1  | Reached skill level 7 in Translocations
 31858 | Swamp:2  | Reached XP level 18. HP: 136/154 MP: 24/24
 31976 | Swamp:2  | Reached skill level 17 in Ranged Weapons
 32242 | Swamp:2  | You pick up a book of Flames and begin reading...
 32242 | Swamp:2  | You add the spells Sticky Flame and Flame Wave to your
                  | library.
 32257 | Swamp:2  | You pick up a book of Decay and begin reading...
 32257 | Swamp:2  | You add the spells Cigotuvi's Dreadful Rot and Dispel
                  | Undead to your library.
 33722 | Swamp:4  | Entered Level 4 of the Swamp
 33827 | Swamp:3  | Reached skill level 18 in Ranged Weapons
 33881 | Swamp:3  | Received a gift from Okawaru
 34012 | Swamp:4  | Reached skill level 13 in Fighting
 34174 | Swamp:4  | Identified the +7 morningstar of Action {flame, rElec}
 34215 | Swamp:4  | Reached skill level 14 in Fighting
 34408 | Swamp:4  | You pick up a book of Burglary and begin reading...
 34408 | Swamp:4  | You add the spells Passwall, Ensorcelled Hibernation and
                  | Swiftness to your library.
 34421 | Swamp:4  | Got a decaying rune of Zot
 34450 | Swamp:4  | You pick up a book of Decay and begin reading...
 34560 | Swamp:4  | Noticed Roxanne
 34606 | Swamp:4  | Reached skill level 15 in Fighting
 35160 | Orc:1    | Bought a +6 ring of dexterity for 504 gold pieces
 35165 | Orc:1    | Upgraded the game from 0.31-a0-889-g1a8549509d to
                  | 0.31-a0-920-g28cbb04a8c
 35165 | Orc:1    | magus.rc [v1.9.6]
 35333 | Spider:1 | Entered Level 1 of the Spider Nest
 35380 | Spider:1 | Reached skill level 2 in Spellcasting
 35564 | Spider:1 | You pick up a book of Misfortune and begin reading...
 35564 | Spider:1 | You add the spells Yara's Violent Unravelling and Enfeeble
                  | to your library.
 35588 | Spider:1 | Learned a level 5 spell: Yara's Violent Unravelling
 35711 | Spider:1 | Reached skill level 3 in Spellcasting
 36632 | Spider:2 | Noticed Louise
 36649 | Spider:1 | Killed Louise
 36701 | Spider:2 | Reached skill level 4 in Spellcasting
 36702 | Spider:2 | Noticed Nikola
 36703 | Spider:2 | Reached skill level 9 in Invocations
 36713 | Spider:2 | Killed Nikola
 37036 | Spider:2 | Reached skill level 10 in Invocations
 37166 | Spider:2 | Noticed Arachne
 37180 | Spider:2 | Killed Arachne
 37181 | Spider:2 | Reached XP level 19. HP: 115/170 MP: 26/26
 37543 | Spider:2 | HP: 41/170 [steelbarb worm (15)]
 37826 | Spider:2 | You pick up a book of Callings and begin reading...
 37860 | Spider:2 | Noticed Aizul
 37876 | Spider:2 | Killed Aizul
 37920 | Spider:2 | You pick up a book of Power and begin reading...
 38121 | Spider:2 | Identified a +0 crystal plate armour
 38122 | Spider:2 | W - a +0 crystal plate armour {rare=g}
 38224 | Spider:3 | Reached skill level 11 in Invocations
 38717 | Spider:3 | You pick up a book of Sloth and begin reading...
 38717 | Spider:3 | You add the spells Frozen Ramparts, Petrify and Metabolic
                  | Englaciation to your library.
 39357 | Spider:3 | Reached skill level 12 in Invocations
 39467 | Spider:3 | Identified the ring "Cibe" {Fly rF- Str+3 Slay+4}
 39566 | Spider:4 | Entered Level 4 of the Spider Nest
 39948 | D:9      | Bought a ring of see invisible for 195 gold pieces
 40308 | Spider:3 | Reached skill level 5 in Evocations
 40532 | Spider:4 | Noticed Asterion
 40643 | Spider:3 | Reached skill level 6 in Evocations
 40809 | Spider:4 | Noticed Bai Suzhen
 40821 | Spider:4 | Killed Bai Suzhen
 40837 | Spider:4 | Reached skill level 7 in Evocations
 41136 | Spider:4 | Killed Asterion
 41137 | Spider:4 | Reached skill level 8 in Evocations
 41419 | Spider:4 | Reached skill level 5 in Spellcasting
 41754 | Spider:4 | Reached skill level 6 in Spellcasting
 41824 | Spider:4 | Reached skill level 7 in Spellcasting
 42169 | Spider:4 | Reached skill level 8 in Spellcasting
 42250 | Spider:4 | Got a gossamer rune of Zot
 42252 | Spider:4 | Identified the +0 pair of gloves of the Slorg {Rampage
                  | *Slow Str+4 Slay+2}
 42702 | Vaults:1 | Entered Level 1 of the Vaults
 42960 | Vaults:1 | Found Tunnynidgh's Jewellery Emporium.
 42968 | Vaults:1 | Bought the amulet of Liad {Faith Rampage Fragile rElec} for
                  | 629 gold pieces
 43316 | Vaults:1 | Identified the +4 tower shield of the Evening {-Cast Fly
                  | Regen+}
 43922 | Vaults:1 | Reached skill level 14 in Shields
 44101 | Vaults:1 | Reached skill level 10 in Dodging
 44106 | Vaults:1 | Reached XP level 20. HP: 180/180 MP: 32/32
 44117 | Vaults:1 | Reached skill level 16 in Fighting
 44129 | Vaults:1 | Received a gift from Okawaru
 45090 | Vaults:2 | Reached skill level 11 in Dodging
 45103 | Vaults:2 | Reached skill level 15 in Shields
 45123 | Vaults:2 | Received a gift from Okawaru
 45398 | Vaults:2 | Reached skill level 12 in Dodging
 45553 | Vaults:2 | Found Gire's Book Emporium.
 45633 | Vaults:2 | You pick up a book of Chaos and begin reading...
 45633 | Vaults:2 | You add the spells Conjure Ball Lightning and Discord to
                  | your library.
 46257 | D:9      | Bought a manual of Shields for 1120 gold pieces
 46590 | Vaults:3 | Received a gift from Okawaru
 46789 | Vaults:3 | Found Qufadif's General Store.
 46862 | Vaults:3 | Found a staircase to the Crypt.
 46882 | Vaults:3 | Reached skill level 16 in Shields
 47029 | Vaults:3 | Reached skill level 13 in Dodging
 47875 | Vaults:3 | Reached skill level 17 in Shields
 48136 | Vaults:4 | Reached XP level 21. HP: 146/188 MP: 33/33
 48509 | Vaults:4 | Received a gift from Okawaru
 48565 | Vaults:4 | Found Zacron's Armour Emporium.
 48769 | Vaults:4 | Reached skill level 14 in Dodging
 48771 | Vaults:4 | Reached skill level 18 in Shields
 48773 | Vaults:4 | Reached skill level 6 in Transmutations
 48949 | Vaults:4 | Reached skill level 7 in Transmutations
 49352 | Crypt:3  | Identified the "Wevvibej"
 49352 | Depths:1 | Identified the "Qaid"
 49352 | Depths:1 | Identified the "Feloqo"
 49352 | Depths:3 | Identified the "Cimara Ehubb"
 49352 | Elf:1    | Identified the "Jefikh"
 49352 | Elf:1    | Entered Level 1 of the Elven Halls
 49398 | Elf:1    | Reached skill level 8 in Transmutations
 49993 | Elf:1    | Reached skill level 19 in Shields
 50172 | Elf:1    | You pick up a book of Dreams and begin reading...
 50371 | Elf:2    | Received a gift from Okawaru
 50470 | Elf:2    | Identified the +2 broad axe of Execution {freeze, Str-5
                  | Dex+5 SInv}
 50590 | Elf:2    | Paralysed by an air elemental for 1 turns
 50610 | Elf:2    | Found a runed translucent gate.
 50613 | Elf:2    | Found a runed translucent gate.
 50613 | Elf:2    | Found a runed translucent gate.
 50845 | Elf:3    | Entered Level 3 of the Elven Halls
 50942 | Elf:3    | Found Dahyq Uneo's Distillery.
 50945 | Elf:3    | Paralysed by an air elemental for 1 turns
 50955 | Elf:3    | Bought a potion of heal wounds for 85 gold pieces
 50955 | Elf:3    | Bought a potion of resistance for 170 gold pieces
 50955 | Elf:3    | Bought a potion of resistance for 170 gold pieces
 50955 | Elf:3    | Bought a potion of haste for 170 gold pieces
 51108 | Elf:3    | Found an ancient bone altar of Kikubaaqudgha.
 51294 | Elf:3    | Reached skill level 20 in Shields
 51522 | Elf:3    | Received a gift from Okawaru
 51798 | Elf:3    | Identified the +2 battleaxe of Okawaru's Outrage {flame,
                  | Dex+3}
 51798 | Elf:3    | Identified the ring of Wyonk {rPois rF+ rN+ Int-3}
 51808 | Elf:3    | Identified the ring of Dadis {Wiz rElec rPois rC+ Slay-4}
 51909 | Elf:3    | You pick up a book of Death and begin reading...
 51915 | Elf:3    | Identified the +6 morningstar of No Interval {antimagic,
                  | Contam rElec Int+3}
 51918 | Elf:3    | Identified the staff of the Avant Garde God {rN+ Str+4
                  | Necro}
 51958 | Elf:3    | Identified the +5 rapier of Embarrassment {speed, Will+}
 51961 | Elf:3    | Identified the +0 pair of boots of Semomn {Harm}
 51998 | Elf:3    | Identified the +1 chain mail "Irhuf" {*Slow +Blink Dex+7}
 52132 | Elf:3    | You pick up a book of the Tundra and begin reading...
 52134 | Elf:3    | You pick up a book of Cantrips and begin reading...
 52531 | Depths:1 | Entered Level 1 of the Depths
 52531 | Depths:1 | Noticed Margery
 52531 | Depths:1 | Found a gateway to Hell.
 52537 | D:15     | Reached skill level 21 in Shields
 53078 | D:15     | Reached XP level 22. HP: 144/195 MP: 34/34
 53340 | Crypt:1  | Entered Level 1 of the Crypt
 55042 | Crypt:2  | Reached skill level 17 in Fighting
 55062 | Crypt:2  | Noticed Sojobo
 55074 | Crypt:2  | Reached skill level 15 in Dodging
 55082 | Crypt:2  | Killed Sojobo
 55082 | Crypt:2  | Received a gift from Okawaru
 55690 | Crypt:2  | Identified the +0 quarterstaff "Orb Guardian's Curse"
                  | {freeze, rPois}
 55875 | Crypt:3  | Entered Level 3 of the Crypt
 55986 | Crypt:3  | Received a gift from Okawaru
 55995 | Crypt:3  | Reached skill level 18 in Fighting
 56244 | Crypt:3  | Noticed Saint Roka
 56254 | Crypt:3  | Killed Saint Roka
 56548 | Crypt:3  | Reached skill level 16 in Dodging
 57021 | Crypt:3  | Received a gift from Okawaru
 57038 | Crypt:3  | Found a basalt altar of Yredelemnul.
 57254 | Crypt:3  | Identified the +1 long sword of the Distant Future {venom,
                  | rElec rC+}
 57254 | Crypt:3  | Identified the +0 scale mail of Irksome Music {rN++ rCorr
                  | Int+2 Dex-5 SInv}
 57254 | Crypt:3  | Identified the ring of Circularity {rN+ Str+4 Slay+3}
 57318 | Crypt:3  | Identified the +0 war axe "Ikeketiph" {flame, Will+ Dex+4}
 57326 | Crypt:3  | You pick up a book of the Spheres and begin reading...
 57326 | Crypt:3  | You add the spells Brom's Barrelling Boulder, Fireball and
                  | Orb of Destruction to your library.
 57327 | Crypt:3  | Identified the +0 robe of Activism {MP+9}
 57575 | Crypt:3  | Reached skill level 19 in Fighting
 57664 | Crypt:3  | Found a staircase to the Tomb.
 57670 | Crypt:3  | You pick up a book of Dangerous Friends and begin
                  | reading...
 57672 | Crypt:3  | You add the spells Borgnjor's Revivification and Death's
                  | Door to your library.
 57824 | Crypt:3  | Identified the ring "Posaler" {rN+ rCorr Str-2 Int+2}
 57831 | Crypt:3  | Reached XP level 23. HP: 213/213 MP: 35/35
 58250 | Depths:1 | Paralysed by a floating eye for 2 turns
 59152 | Depths:1 | Killed Margery
 59212 | Depths:1 | Reached skill level 17 in Dodging
 59427 | Depths:1 | You pick up a book of Flames and begin reading...
 59493 | Depths:1 | Found a large runed translucent door.
 59494 | Depths:1 | Found a large runed translucent door.
 59495 | Depths:1 | Noticed Gawoomn's ghost (adept HOMo)
 59638 | Depths:1 | Found a runed translucent door.
 59641 | Depths:1 | Found a radiant altar of Vehumet.
 59641 | Depths:1 | Noticed an ancient lich
 59912 | Depths:2 | Found a one-way gate leading to the halls of Pandemonium.
 60046 | Depths:2 | Reached skill level 20 in Fighting
 60133 | Depths:2 | Found a one-way gateway to a ziggurat.
 60238 | Depths:2 | Noticed Norris
 60261 | Depths:2 | Killed Norris
 60633 | Depths:2 | a vampire mage comes into view. It is wielding a +3
                  | battleaxe and wearing the ring of Shadows {Umbra +Inv
                  | Stlth+}.
 60657 | Depths:2 | a rakshasa comes into view. It is wielding a +0 whip and
                  | wearing the +5 robe of Night {Dark Will+ SInv}.
 60661 | Depths:2 | Aim: a rakshasa, wielding a +0 whip and wearing the +5 robe
                  | of Night {Dark Will+ SInv} (75% to hit)
 60661 | Depths:2 | Aim: a rakshasa, wielding a +0 whip and wearing the +5 robe
                  | of Night {Dark Will+ SInv} (75% to hit)
 60662 | Depths:2 | Aim: a rakshasa, wielding a +0 whip and wearing the +5 robe
                  | of Night {Dark Will+ SInv} (heavily wounded, 75% to hit)
 60662 | Depths:2 | Aim: a rakshasa, wielding a +0 whip and wearing the +5 robe
                  | of Night {Dark Will+ SInv} (heavily wounded, 75% to hit)
 60663 | Depths:2 | Aim: a rakshasa, wielding a +0 whip and wearing the +5 robe
                  | of Night {Dark Will+ SInv} (heavily wounded, 75% to hit)
 60663 | Depths:2 | Aim: a rakshasa, wielding a +0 whip and wearing the +5 robe
                  | of Night {Dark Will+ SInv} (heavily wounded, 75% to hit)
 60664 | Depths:2 | Aim: a rakshasa, wielding a +0 whip and wearing the +5 robe
                  | of Night {Dark Will+ SInv} (severely wounded, 75% to hit)
 60664 | Depths:2 | Aim: a rakshasa, wielding a +0 whip and wearing the +5 robe
                  | of Night {Dark Will+ SInv} (severely wounded, 75% to hit)
 60665 | Depths:2 | Aim: a rakshasa, wielding a +0 whip and wearing the +5 robe
                  | of Night {Dark Will+ SInv} (severely wounded, 75% to hit)
 60665 | Depths:2 | Aim: a rakshasa, wielding a +0 whip and wearing the +5 robe
                  | of Night {Dark Will+ SInv} (severely wounded, 75% to hit)
 60666 | Depths:2 | Reached skill level 18 in Dodging
 60892 | Depths:2 | Found a shadowy altar of Dithmenos.
 61707 | Depths:3 | Noticed a juggernaut
 61714 | Depths:3 | Noticed a caustic shrike
 61716 | Depths:3 | Killed a juggernaut
 61719 | Depths:3 | Killed a caustic shrike
 61720 | Depths:3 | Reached skill level 19 in Dodging
 62101 | Depths:3 | Noticed a caustic shrike
 62107 | Depths:3 | Killed a caustic shrike
 62213 | Depths:3 | Identified the ring of Qijoo {rElec MP+9}
 62347 | Depths:3 | Found a sparkling altar of Nemelex Xobeh.
 62375 | Depths:3 | Found a one-way gate to the infinite horrors of the Abyss.
 62492 | Depths:3 | Identified the ring "Pohot" {Will+ AC+4 Str+3 Int-3 SInv}
 62543 | Depths:4 | Entered Level 4 of the Depths
 62609 | Depths:4 | You add the spells Gell's Gravitas and Teleport Other to
                  | your library.
 62648 | Depths:4 | Noticed a caustic shrike
 62650 | Depths:4 | Noticed a caustic shrike
 62652 | Depths:4 | Noticed a caustic shrike
 62656 | Depths:4 | Reached XP level 24. HP: 168/224 MP: 23/35
 62656 | Depths:4 | Killed a caustic shrike
 62662 | Depths:4 | Killed a caustic shrike
 62663 | Depths:4 | Killed a caustic shrike
 62664 | Depths:4 | Reached skill level 20 in Dodging
 62668 | Depths:4 | Received a gift from Okawaru
 62813 | Depths:4 | +0 shadow dragon scales {rare}; a shadow dragon corpse
 63046 | Depths:4 | Noticed a caustic shrike
 63048 | Depths:4 | Noticed a caustic shrike
 63056 | Depths:4 | Killed a caustic shrike
 63060 | Depths:4 | Killed a caustic shrike
 63061 | Depths:4 | Reached skill level 21 in Fighting
 63319 | Depths:4 | Found a gate to the Realm of Zot.
 63412 | Depths:4 | Received a gift from Okawaru
 63557 | Depths:4 | Found Orghykabb's General Store.
 63566 | Depths:4 | Bought a scroll of teleportation for 63 gold pieces
 63566 | Depths:4 | Bought a potion of invisibility for 168 gold pieces
 64077 | Vaults:5 | Entered Level 5 of the Vaults
 64200 | Vaults:5 | Reached skill level 22 in Fighting
 64404 | Vaults:5 | Noticed a dread lich
 64407 | Vaults:5 | Killed a dread lich
 64424 | Vaults:5 | Received a gift from Okawaru
 64429 | Vaults:5 | Noticed Mara
 64431 | Vaults:5 | Reached skill level 19 in Ranged Weapons
 64475 | Vaults:5 | Identified the +1 robe of Midwinter {rF++ Regen+ rCorr
                  | Stlth+}
 64482 | Vaults:5 | +0 shadow dragon scales {rare}; a +0 arbalest {crossbow}; a
                  | shadow dragon corpse
 64693 | Vaults:5 | Identified the +10 long sword of Prudence {flame, rElec
                  | Stlth+}
 64699 | Vaults:5 | +0 shadow dragon scales {rare}; a +0 arbalest {crossbow}; a
                  | shadow dragon skeleton
 64755 | Vaults:5 | Identified +0 gold dragon scales
 64832 | Vaults:5 | Got a silver rune of Zot
 64866 | Vaults:5 | You pick up a book of Blasting and begin reading...
 64866 | Vaults:5 | You add the spells Fulminant Prism and Iskenderun's Mystic
                  | Blast to your library.
 64875 | Vaults:5 | Identified +0 gold dragon scales
 64888 | Vaults:5 | Noticed a dread lich
 64895 | Vaults:5 | Killed a dread lich
 64909 | Vaults:5 | HP: 53/231 [fire giant/+0 great sword of flaming (21)]
 65029 | Vaults:5 | Identified +0 gold dragon scales
 65173 | Vaults:5 | Reached skill level 20 in Ranged Weapons
 65205 | Vaults:5 | +0 gold dragon scales {rare}; a golden dragon skeleton
 65218 | Vaults:5 | +0 gold dragon scales {rare}; a golden dragon skeleton
 65233 | Vaults:5 | Reached XP level 25. HP: 204/238 MP: 35/35
 65238 | Vaults:5 | Identified the staff "Paho" {rC+ Str+4 Ice}
 65238 | Vaults:5 | Identified the ring of the Forgotten Ships {rF+ MP+9}
 65257 | Vaults:5 | Received a gift from Okawaru
 65556 | Vaults:5 | Killed Mara
 65700 | Vaults:5 | Identified the +6 lajatang "Deose" {heavy, rC+}
 65795 | Vaults:5 | You add the spells Ozocubu's Armour and Ozocubu's
                  | Refrigeration to your library.
 65803 | Vaults:5 | Found the +2 shield of Resistance {rF++ rC++ Will++}
 66117 | Vaults:5 | Identified the +2 scale mail of the Old and Reckless
                  | {rPois}
 66195 | Vaults:5 | You pick up a book of Air and begin reading...
 66195 | Vaults:5 | You add the spells Shock and Airstrike to your library.
 66196 | Vaults:5 | Identified the +3 dagger "Moanur" {antimagic, Str+2}
 66569 | Zot:1    | Identified the "Zoroz"
 66569 | Zot:1    | Entered Level 1 of the Realm of Zot
 67078 | D:3      | Bought a scroll of brand weapon for 218 gold pieces
 67473 | Zot:1    | Noticed a curse toe
 67531 | Zot:1    | Identified the amulet of Surprise {Reflect Dex+2 SH+5}
 67531 | Zot:1    | Noticed a dread lich
 67532 | Zot:1    | Found a shimmering blue altar of Sif Muna.
 67532 | Zot:1    | Noticed an orb of fire
 67536 | Zot:1    | Found a transporter.
 67798 | Zot:1    | You pick up a book of Air and begin reading...
 67829 | Zot:1    | Noticed a dread lich
 67846 | Zot:1    | Noticed Emnejil's ghost (master VSBe)
 67905 | Zot:1    | Found a transporter.
 67909 | Zot:1    | Found a transporter.
 68051 | Zot:1    | Reached skill level 21 in Ranged Weapons
 68052 | Zot:1    | Received a gift from Okawaru
 68835 | Zot:1    | Found a transporter.
 68835 | Zot:1    | HP: 51/238 [yellow draconian annihilator/glob of acid (31)]
 68848 | Zot:1    | Gained mutation: You are frail. (-10% HP) [an orb of fire]
 68854 | Zot:1    | Gained mutation: Your spells are a little easier to cast,
                  | but a little less powerful. [an orb of fire]
 68854 | Zot:1    | HP: 43/214 [???[a dread lich] (33)]
 69474 | Zot:2    | Identified +6 gold dragon scales
 69474 | Zot:2    | Noticed Parghit
 69483 | Zot:2    | Killed Parghit
 69597 | Zot:2    | You pick up a book of Spatial Translocations and begin
                  | reading...
 69597 | Zot:2    | You add the spells Blink, Momentum Strike and Lesser
                  | Beckoning to your library.
 69804 | Zot:3    | Noticed an orb of fire
 69809 | Zot:3    | Gained mutation: You are vulnerable to heat. (rF-) [an orb
                  | of fire]
 69823 | Zot:3    | Gained mutation: You occasionally lose the ability to read
                  | scrolls when taking damage. [an orb of fire]
 69825 | Zot:2    | Lost mutation: You occasionally shout uncontrollably at
                  | your foes. [potion of mutation]
 69825 | Zot:2    | Lost mutation: You are vulnerable to heat. (rF-) [potion of
                  | mutation]
 69825 | Zot:2    | Gained mutation: Your muscles are strong. (Str +4, Int/Dex
                  | -1) [potion of mutation]
 69825 | Zot:2    | Gained mutation: Your tail ends in a venomous barb. [potion
                  | of mutation]
 69825 | Zot:2    | Gained mutation: You have a pair of small horns on your
                  | head. [potion of mutation]
 69825 | Zot:2    | Gained mutation: You expend magic power (3 MP) to
                  | strengthen your wands. [potion of mutation]
 69826 | Zot:2    | Lost mutation: You passively map a small area around you.
                  | [potion of mutation]
 69826 | Zot:2    | Lost mutation: You occasionally lose the ability to read
                  | scrolls when taking damage. [potion of mutation]
 69827 | Zot:2    | Lost mutation: You have large cloven feet. [potion of
                  | mutation]
 69827 | Zot:2    | Lost mutation: You expend magic power (3 MP) to strengthen
                  | your wands. [potion of mutation]
 69827 | Zot:2    | Lost mutation: Your spells are a little easier to cast, but
                  | a little less powerful. [potion of mutation]
 69827 | Zot:2    | Gained mutation: Your mind is acute. (Int +4, Str/Dex -1)
                  | [potion of mutation]
 69828 | Zot:2    | Lost mutation: You have a pair of small horns on your head.
                  | [potion of mutation]
 69828 | Zot:2    | Lost mutation: You are frail. (-10% HP) [potion of
                  | mutation]
 69828 | Zot:2    | Lost mutation: Your mind is acute. (Int +4, Str/Dex -1)
                  | [potion of mutation]
 69828 | Zot:2    | Gained mutation: You have a pair of small horns on your
                  | head. [potion of mutation]
 69828 | Zot:2    | Lost mutation: You have a pair of small horns on your head.
                  | [potion of mutation]
 69828 | Zot:2    | Gained mutation: Your system is resistant to poisons.
                  | (rPois) [potion of mutation]
 70154 | Zot:3    | Killed an orb of fire
 70175 | Zot:3    | Reached skill level 22 in Ranged Weapons
 70180 | Zot:3    | Noticed a curse toe
 70182 | Zot:3    | HP: 59/238 [??? (46)]
 70494 | Zot:3    | Killed a curse toe
 71165 | Zot:3    | Identified +0 gold dragon scales
 71536 | Zot:4    | Reached skill level 21 in Dodging
 71611 | Zot:4    | quicksilver dragon scales {rare}; a quicksilver dragon
                  | corpse
 71645 | Zot:4    | Received a gift from Okawaru
 71657 | Zot:4    | Identified +0 gold dragon scales
 71658 | Zot:4    | Noticed a Killer Klown
 71672 | Zot:4    | Killed a Killer Klown
 71983 | Zot:4    | +0 storm dragon scales {rare}; a storm dragon corpse
 72406 | Zot:4    | Received a gift from Okawaru
 72407 | Zot:4    | Reached XP level 26. HP: 246/246 MP: 35/35
 72859 | Zot:5    | Entered Level 5 of the Realm of Zot
 72882 | Zot:5    | Noticed an orb of fire
 72892 | Zot:5    | Killed an orb of fire
 72897 | Zot:5    | Reached skill level 22 in Dodging
 73424 | Zot:5    | Noticed a dread lich
 73424 | Zot:5    | Noticed an ancient lich
 73424 | Zot:5    | Noticed an ancient lich
 73424 | Zot:5    | Noticed an electric golem
 73424 | Zot:5    | Noticed an orb of fire
 73424 | Zot:5    | Noticed an orb of fire
 73424 | Zot:5    | Noticed an ancient lich
 73521 | Zot:5    | magus.rc [v1.9.6]
 73560 | Zot:5    | Noticed an orb of fire
 73568 | Zot:5    | Killed an orb of fire
 73579 | Zot:5    | Reached skill level 22 in Shields
 73587 | Zot:5    | +0 storm dragon scales {rare}; a storm dragon corpse
 73591 | Zot:5    | Noticed an ancient lich
 73594 | Zot:5    | Killed an ancient lich
 73602 | Zot:5    | Noticed an ancient lich
 73602 | Zot:5    | Noticed an ancient lich
 73608 | Zot:5    | Killed an ancient lich
 73609 | Zot:5    | Noticed an ancient lich
 73610 | Zot:5    | Killed an ancient lich
 73615 | Zot:5    | Killed an ancient lich
 73616 | Zot:5    | Reached skill level 13 in Invocations
 73617 | Zot:5    | Noticed an ancient lich
 73618 | Zot:5    | Killed an ancient lich
 73621 | Zot:5    | Killed an orb of fire
 73626 | Zot:5    | Killed an ancient lich
 73635 | Zot:5    | Killed a dread lich
 73636 | Zot:5    | Reached skill level 14 in Invocations
 73639 | Zot:5    | Killed an orb of fire
 73869 | Zot:5    | +0 storm dragon scales {rare}; a storm dragon skeleton
 73885 | Zot:5    | Noticed an orb of fire
 73888 | Zot:5    | Killed an orb of fire
 73889 | Zot:5    | Reached skill level 15 in Invocations
 73925 | Zot:5    | Reached skill level 16 in Invocations
 74079 | Zot:5    | Received a gift from Okawaru
 74084 | Zot:5    | Identified +0 gold dragon scales
 74129 | Zot:5    | Noticed an ancient lich
 74133 | Zot:5    | Killed an ancient lich
 74281 | Zot:5    | Noticed an electric golem
 74289 | Zot:5    | Killed an ancient lich
 74291 | Zot:5    | Killed an electric golem
 74292 | Zot:5    | Reached skill level 17 in Invocations
 74308 | Zot:5    | Killed an ancient lich
 74548 | Zot:5    | +0 storm dragon scales {rare}; a storm dragon skeleton
 74622 | Zot:5    | Killed an electric golem
 74726 | Zot:5    | Got the Orb of Zot
 74750 | Zot:5    | Reached skill level 18 in Invocations
 74750 | Zot:5    | Reached XP level 27. HP: 254/254 MP: 36/36
 75360 | D:4      | Reached skill level 19 in Invocations
 75437 | D:$      | Escaped with the Orb!

Vanquished Creatures
  3 dread liches
  6 orbs of fire
  9 ancient liches (Zot:5)
  Mara (Vaults:5)
  A juggernaut (Depths:3)
  Sojobo (Crypt:2)
  4 Killer Klowns
  Parghit (Zot:2)
  Bai Suzhen (Spider:4)
  7 caustic shrikes
  Margery (Depths:1)
  A curse toe (Zot:3)
  Saint Roka (Crypt:3)
  15 golden dragons
  Nikola (Spider:2)
  Arachne (Spider:2)
  2 profane servitors (Crypt:3)
  Norris (Depths:2)
  A bone dragon (Crypt:3)
  A Brimstone Fiend (D:4)
  A Tzitzimitl (Depths:2)
  2 electric golems (Zot:5)
  19 tentacled monstrosities
  27 Orb Guardians
  4 liches
  2 deep elf blademasters (Elf:3)
  3 Ice Fiends
  Asterion (Spider:4)
  8 sphinxes
  3 titans (Vaults:5)
  2 walking divine tomes (Depths:3)
  2 deep elf master archers (Elf:3)
  7 quicksilver dragons
  9 death cobs
  2 ancient champions
  A shadow dragon (shapeshifter) (Vaults:2)
  Aizul (Spider:2)
  7 tengu reavers
  13 shadow dragons
  15 storm dragons
  3 revenants
  A draconian monk (Zot:3)
  11 fire giants
  5 draconian knights
  7 frost giants
  6 deep elf sorcerers
  2 emperor scorpions (Spider:4)
  3 deep elf elementalists (Elf:3)
  Louise (Spider:1)
  18 vault wardens
  6 draconian scorchers
  4 iron dragons
  A juggernaut zombie (Crypt:3)
  3 draconian shifters
  2 balrugs (D:15)
  5 ghost moths
  A cacodemon (D:15)
  3 draconian stormcallers
  5 ironbound thunderhulks
  An orc warlord (D:14)
  A reaper (Depths:4)
  2 spriggan defenders (Depths:3)
  20 ironbound preservers
  11 stone giants
  5 draconian annihilators
  25 very ugly things
  10 green draconians
  Nessos (D:13)
  3 formless jellyfish
  12 ghouls
  8 deep elf demonologists
  7 black draconians
  7 deep elf annihilators
  6 eleionomae
  12 vampire knights
  14 yellow draconians
  4 white draconians
  Azrael (Orc:2)
  11 purple draconians
  9 red draconians
  4 bunyips
  9 spark wasps
  6 dire elephants
  Josephine (Lair:5)
  15 eidola
  A blizzard demon (D:12)
  11 ettins
  7 deep elf death magi
  2 crystal guardians (Vaults:4)
  A mummy priest (Crypt:3)
  2 spriggan zombies (Crypt:3)
  2 shambling mangroves (Swamp:4)
  4 entropy weavers
  6 jiangshi
  9 fire dragons
  17 yaktaur captains
  3 deep elf high priests
  3 great orbs of eyes
  9 ice dragons
  2 peacekeepers (Vaults:4)
  33 vault guards
  A spriggan air mage (Depths:4)
  6 rakshasas
  11 ironbound frosthearts
  A catoblepas (Lair:5)
  Harold (Lair:2)
  22 hydras
  An Orb Guardian zombie (Crypt:1)
  3 radroaches
  A juggernaut simulacrum (Crypt:2)
  4 jorogumos
  A ghost crab (Swamp:3)
  2 hell beasts
  5 death knights
  18 alligators
  11 dancing weapons
  7 centaur warriors
  5 boulder beetles
  A bennu skeleton (Crypt:2)
  9 death yaks
  7 death scarabs (Spider:4)
  3 two-headed ogres
  6 deep troll earth magi
  6 deep troll shamans
  3 vampire magi
  3 tengu warriors
  14 hell knights
  2 titan zombies (Crypt:3)
  6 orc high priests (Orc:2)
  4 spriggan berserkers
  5 demonic crawlers
  Urug (Lair:1)
  A spectral emperor scorpion (Spider:4)
  4 soul eaters
  26 skeletal warriors
  6 sun demons (D:15)
  4 skysharks
  A spark wasp zombie (Crypt:2)
  A death drake (shapeshifter) (Depths:3)
  10 deep elf knights
  8 goliath frogs
  9 pharaoh ants
  7 shadow wraiths
  2 sixfirhies (D:15)
  3 bunyip zombies (Crypt:3)
  49 deep trolls
  4 iron trolls
  10 flayed ghosts
  A golden dragon zombie (Depths:1)
  7 orb spiders
  An orb spider (shapeshifter) (Depths:3)
  7 arcanists
  An anaconda zombie (Crypt:1)
  3 glowing orange brains
  2 spectral jorogumos (Spider:4)
  3 bog bodies
  4 spriggan druids
  An occultist (Depths:1)
  A golden dragon skeleton (Depths:1)
  8 orc knights
  9 swamp dragons
  13 lindwurms
  3 shadow demons (Depths:2)
  An orange crystal statue (IceCv)
  7 deep elf archers
  A spriggan simulacrum (Crypt:1)
  A tengu zombie (Depths:1)
  8 necromancers
  23 phantasmal warriors
  13 ironbound convokers
  A wolf spider zombie (Spider:4)
  4 steelbarb worms
  27 deep elf pyromancers
  18 deep elf zephyrmancers
  2 spectral wolf spiders (Spider:4)
  24 ugly things
  A manticore (shapeshifter) (Depths:3)
  5 manticores
  An orc sorcerer (Orc:2)
  13 wolf spiders
  A shadow dragon skeleton (Crypt:1)
  A will-o-the-wisp (Swamp:1)
  An alligator skeleton (Crypt:2)
  A frost giant zombie (Depths:1)
  2 shadow dragon zombies
  29 moths of wrath
  3 cyclopes
  A fire giant zombie (Depths:1)
  2 centaur zombies (Crypt:3)
  A dire elephant zombie (Crypt:3)
  2 moths of wrath (shapeshifter)
  A water nymph (shapeshifter) (Elf:3)
  9 elephants
  An elephant (shapeshifter) (Depths:2)
  4 black mambas
  An orange demon (D:15)
  6 torpor snails
  3 smoke demons
  An alligator snapping turtle zombie (Crypt:1)
  2 naga zombies (Crypt:3)
  11 cane toads
  An unseen horror (D:13)
  20 vault sentinels
  4 komodo dragons
  4 rime drakes
  6 storm dragon simulacra (IceCv)
  A grey draconian zombie (Crypt:2)
  An alligator snapping turtle skeleton (Crypt:1)
  A gargoyle (D:11)
  A dire elephant skeleton (Crypt:1)
  4 kobold demonologists (D:12)
  33 yaktaurs
  2 rime drakes (shapeshifter)
  7 tengu conjurers
  A komodo dragon (shapeshifter) (Elf:3)
  2 spectral redbacks (Spider:4)
  A guardian mummy (Crypt:3)
  A spark wasp simulacrum (Depths:1)
  10 golden dragon simulacra
  10 freezing wraiths
  A red devil (D:15)
  3 harpy zombies (Crypt:3)
  5 trolls
  3 meliai (Spider:1)
  A tengu simulacrum (Depths:1)
  13 tyrant leeches
  A merfolk (shapeshifter) (Depths:2)
  4 spectral jumping spiders (Spider:4)
  6 hellwings
  A shadow dragon simulacrum (Crypt:1)
  20 tarantellas
  15 hornets
  4 bloated husks
  2 spectral tarantellas (Spider:4)
  3 polar bears
  A blink frog (shapeshifter) (D:13)
  A tarantella zombie (Spider:4)
  30 blink frogs
  Prince Ribbit (Bailey)
  An ettin zombie (Crypt:1)
  4 dream sheep
  A jumping spider zombie (Spider:4)
  13 culicivoras
  40 slime creatures
  30 jumping spiders
  A shadow (D:11)
  A vampire (D:11)
  2 air elementals
  67 yaks
  10 spriggans
  7 water elementals
  3 wyverns
  21 wraiths
  9 basilisks
  A fire bat (shapeshifter) (D:15)
  A human (shapeshifter) (D:15)
  5 fire elementals
  A hog (shapeshifter) (Elf:1)
  5 humans (Bailey)
  25 redbacks
  4 steam dragons
  13 vampire mosquitoes
  3 acid dragons
  5 wargs
  A hell hound (Orc:2)
  A glowing shapeshifter zombie (Crypt:1)
  9 swamp worms
  19 water moccasins
  A floating eye (D:15)
  4 sky beasts
  29 orc warriors
  10 swamp drakes
  2 ice dragon simulacra (IceCv)
  3 ice beasts
  A manticore zombie (Crypt:1)
  A black mamba simulacrum (Crypt:1)
  6 ogres
  12 wolves
  4 boggarts (Vaults:1)
  4 black bears
  A dream sheep skeleton (Crypt:1)
  7 centaurs
  A phantom (D:5)
  An elf zombie (Ossuary)
  4 kobold brigands
  5 earth elementals
  19 bullfrogs
  A gnoll sergeant (D:6)
  14 necrophages
  2 scorpions
  8 wyvern skeletons (Crypt:3)
  4 wights
  A cyclops skeleton (Crypt:2)
  4 lindwurm simulacra (IceCv)
  12 killer bees
  6 howler monkeys
  2 spriggan skeletons
  2 jellies (D:4)
  5 electric eels
  6 crimson imps (D:14)
  32 orc priests
  3 hounds
  A sleepcap (D:6)
  3 iguanas
  19 orc wizards
  A boggart zombie (Crypt:2)
  A hound zombie (Crypt:2)
  4 mummies
  15 gnolls
  10 adders
  6 river rats
  A shadow imp (D:14)
  5 white imps
  6 adder zombies (Ossuary)
  An iguana zombie (Crypt:2)
  4 worms
  3 dart slugs
  84 orcs
  8 ball pythons
  4 bats
  6 endoplasms
  4 giant cockroaches
  14 goblins
  10 hobgoblins
  39 kobolds
  5 quokkas
  3 frilled lizards
  A gnoll skeleton (Crypt:1)
  5 goblin zombies
  A kobold zombie (Ossuary)
  An orc zombie (Ossuary)
  2 quokka zombies (Ossuary)
  25 rats
  3 rat zombies (Ossuary)
2244 creatures vanquished.

Vanquished Creatures (others)
  A deep elf zephyrmancer (Elf:1)
  A bloated husk (Swamp:2)
  2 foxfires (Swamp:1)
4 creatures vanquished.

Grand Total: 2248 creatures vanquished

Table legend:
 A = Non-vault XP
 B = Vault XP
 C = Vault XP percentage of total XP
 D = Non-vault monster count
 E = Vault monster count
 F = Vault count percentage of total count
                 A         B        C        D         E       F
            +---------+---------+-------+---------+---------+-------
      Total |  715892 |  658917 |  47.9 |    1336 |     874 |  39.5
            +---------+---------+-------+---------+---------+-------
        D:1 |      21 |       2 |   8.7 |      12 |       1 |   7.7
        D:2 |      20 |       0 |   0.0 |      11 |       0 |   0.0
        D:3 |     156 |       0 |   0.0 |      24 |       0 |   0.0
        D:4 |     460 |       0 |   0.0 |      26 |       0 |   0.0
        D:5 |     556 |      62 |  10.0 |      15 |      14 |  48.3
        D:6 |    1715 |       0 |   0.0 |      33 |       0 |   0.0
        D:7 |    1348 |       0 |   0.0 |      16 |       0 |   0.0
        D:8 |    3306 |    1238 |  27.2 |      28 |       7 |  20.0
        D:9 |    2148 |       0 |   0.0 |      32 |       0 |   0.0
       D:10 |    2576 |      65 |   2.5 |      19 |      12 |  38.7
       D:11 |    5001 |    1261 |  20.1 |      20 |       2 |   9.1
       D:12 |    7319 |       0 |   0.0 |      33 |       0 |   0.0
       D:13 |    7321 |    1056 |  12.6 |      20 |       1 |   4.8
       D:14 |    4364 |    4100 |  48.4 |       6 |      16 |  72.7
       D:15 |   27566 |    7374 |  21.1 |      35 |      12 |  25.5
     Lair:1 |    5385 |    1409 |  20.7 |      19 |       5 |  20.8
     Lair:2 |   10250 |    2001 |  16.3 |      29 |       9 |  23.7
     Lair:3 |    6904 |    2933 |  29.8 |      28 |       8 |  22.2
     Lair:4 |    8567 |    3119 |  26.7 |      36 |       6 |  14.3
     Lair:5 |    9582 |   10557 |  52.4 |      30 |      24 |  44.4
    Swamp:1 |    9952 |       0 |   0.0 |      21 |       0 |   0.0
    Swamp:2 |   14011 |     585 |   4.0 |      26 |       2 |   7.1
    Swamp:3 |   21477 |       0 |   0.0 |      34 |       0 |   0.0
    Swamp:4 |   13596 |   15657 |  53.5 |      24 |      27 |  52.9
   Spider:1 |   10466 |    1223 |  10.5 |      32 |       1 |   3.0
   Spider:2 |    5957 |   12523 |  67.8 |      17 |      18 |  51.4
   Spider:3 |   15815 |    1613 |   9.3 |      34 |       2 |   5.6
   Spider:4 |    8590 |   33830 |  79.8 |      19 |      54 |  74.0
      Orc:1 |    1677 |    6061 |  78.3 |      25 |      12 |  32.4
      Orc:2 |    4110 |   10742 |  72.3 |      39 |      58 |  59.8
      Elf:1 |   12237 |   12448 |  50.4 |      20 |      21 |  51.2
      Elf:2 |    9251 |    1649 |  15.1 |      15 |       2 |  11.8
      Elf:3 |    6634 |   30615 |  82.2 |      13 |      27 |  67.5
   Vaults:1 |   27601 |   15026 |  35.2 |      43 |      18 |  29.5
   Vaults:2 |   18492 |   29403 |  61.4 |      32 |      32 |  50.0
   Vaults:3 |   25985 |   22739 |  46.7 |      47 |      31 |  39.7
   Vaults:4 |   26511 |   12573 |  32.2 |      39 |      16 |  29.1
   Vaults:5 |   23925 |  108176 |  81.9 |      27 |      86 |  76.1
    Crypt:1 |   23651 |    1920 |   7.5 |      40 |       3 |   7.0
    Crypt:2 |   36191 |    6413 |  15.1 |      51 |       3 |   5.6
    Crypt:3 |       0 |   65266 | 100.0 |       0 |     107 | 100.0
   Depths:1 |   20863 |   12296 |  37.1 |      28 |      12 |  30.0
   Depths:2 |   18192 |   22556 |  55.4 |      21 |      24 |  53.3
   Depths:3 |   19473 |   32930 |  62.8 |      25 |      21 |  45.7
   Depths:4 |   52326 |   17099 |  24.6 |      46 |      14 |  23.3
      Zot:1 |   13433 |    1939 |  12.6 |      12 |       2 |  14.3
      Zot:2 |   29410 |    3469 |  10.6 |      24 |       2 |   7.7
      Zot:3 |   33900 |       0 |   0.0 |      24 |       0 |   0.0
      Zot:4 |   57042 |       0 |   0.0 |      45 |       0 |   0.0
      Zot:5 |   50559 |  127370 |  71.6 |      41 |      48 |  53.9
      Sewer |       0 |     214 | 100.0 |       0 |      41 | 100.0
    Ossuary |       0 |     202 | 100.0 |       0 |      21 | 100.0
     Bailey |       0 |    3805 | 100.0 |       0 |      24 | 100.0
      IceCv |       0 |   13398 | 100.0 |       0 |      28 | 100.0
            +---------+---------+-------+---------+---------+-------

Skill      XL: |  1  2  3  4  5  6  7  8  9 10 11 12 13 14 15 16 17 18 19 20 21 22 23 24 25 26 27 |
---------------+----------------------------------------------------------------------------------+-----
Ranged Weapons | 2 3 4 5 6 8 9 12 13 15 16 18 20 22 | 22.1
Hexes          | 3 8 11 | 11.7
Fighting       | 5 6 10 12 15 16 19 20 22 | 22.0
Dodging        | 6 9 10 13 14 16 19 20 21 22 | 22.0
Invocations    | 5 8 10 12 18 19 | 19.0
Evocations     | 4 8 |  8.0
Shields        | 8 13 14 17 21 22 | 22.0
Transmutations | 5 8 |  8.0
Translocations | 7 |  7.0
Spellcasting   | 4 8 |  8.0
Fire Magic     | |  1.0

Action                     |  1- 3 |  4- 6 |  7- 9 | 10-12 | 13-15 | 16-18 | 19-21 | 22-24 | 25-27 || total
---------------------------+-------+-------+-------+-------+-------+-------+-------+-------+-------++-------
   Fire: Sling             |   160 |   147 |   250 |       |       |       |       |       |       ||   557
         Hand cannon       |       |       |   264 |   672 |   726 |   668 |  1329 |  1486 |   960 ||  6105
  Throw: Dart              |       |     4 |     6 |     2 |       |       |       |       |       ||    12
   Cast: Jinxbite          |     9 |    14 |    16 |       |       |       |       |       |       ||    39
         Cause Fear        |       |       |       |       |       |     2 |    13 |     4 |     3 ||    22
         Wereblood         |       |       |       |       |       |       |    20 |    13 |     8 ||    41
         Yara's Violent Un |       |       |       |       |       |       |     6 |     9 |     3 ||    18
         Dimensional Bulls |       |       |       |       |       |       |     5 |    46 |    32 ||    83
 Invoke: Heroism           |       |       |       |    12 |    24 |    24 |    25 |    31 |    22 ||   138
         Finesse           |       |       |       |     2 |    16 |    13 |    13 |    16 |    17 ||    77
         Receive Weapon    |       |       |       |     1 |       |       |       |       |       ||     1
         Receive Armour    |       |       |       |     1 |       |       |       |       |       ||     1
Ability: Breathe Dispellin |       |       |    16 |    22 |     1 |       |     2 |       |     1 ||    42
  Evoke: Wand              |       |       |       |    22 |       |       |     3 |     3 |       ||    28
         Lightning rod     |       |       |       |       |       |       |     3 |     4 |       ||     7
         Phial of floods   |       |       |       |       |       |       |       |     1 |       ||     1
    Use: Potion            |       |       |     1 |    10 |     2 |    10 |     2 |    10 |    13 ||    48
         Scroll            |       |       |    11 |    11 |    14 |     9 |     9 |    15 |    13 ||    82
 Armour: Skin              |    55 |    48 |   160 |   385 |   215 |   238 |   537 |   429 |   420 ||  2487
  Dodge: Dodged            |    65 |    57 |   179 |   365 |   235 |   283 |   680 |   689 |   651 ||  3204
  Block: Buckler           |       |       |       |       |    31 |       |       |       |       ||    31
         Kite shield       |       |       |       |       |   191 |   389 |  1082 |  1062 |   678 ||  3402

Illustrated notes

Table legend:
 A = Kills in this place as a percentage of kills in the entire game.
 B = Kills by you in this place as a percentage of kills by you in the entire game.
 C = Kills by friends in this place as a percentage of kills by friends in the entire game.
 D = Other kills in this place as a percentage of other kills in the entire game.
 E = Experience gained in this place as a percentage of experience gained in the entire game.
 F = Experience gained in this place divided by the number of levels of this place that you have seen.
                   A       B       C       D       E      F
               +-------+-------+-------+-------+-------+----------------------
         Total | 100.0 | 100.0 |   N/A | 100.0 | 100.0 | 25547.7
       Dungeon |  18.7 |  18.7 |   N/A |   0.0 |   7.0 | 6563.9
          Lair |   8.6 |   8.6 |   N/A |   0.0 |   4.3 | 12141.4
         Swamp |   6.0 |   6.0 |   N/A |   0.0 |   5.4 | 18819.5
   Spider Nest |   7.9 |   7.9 |   N/A |   0.0 |   6.4 | 22504.2
  Orcish Mines |   6.0 |   6.0 |   N/A |   0.0 |   1.6 | 11295.0
   Elven Halls |   4.4 |   4.3 |   N/A | 100.0 |   5.2 | 24278.0
        Vaults |  16.5 |  16.5 |   N/A |   0.0 |  22.1 | 62086.2
         Crypt |   9.1 |   9.1 |   N/A |   0.0 |   9.5 | 44480.3
        Depths |   8.7 |   8.7 |   N/A |   0.0 |  14.2 | 49864.5
           Zot |   9.1 |   9.1 |   N/A |   0.0 |  23.1 | 64858.0
         Sewer |   1.8 |   1.8 |   N/A |   0.0 |   0.0 | 214.0
       Ossuary |   0.9 |   0.9 |   N/A |   0.0 |   0.0 | 202.0
        Bailey |   1.1 |   1.1 |   N/A |   0.0 |   0.3 | 3805.0
      Ice Cave |   1.2 |   1.2 |   N/A |   0.0 |   1.0 | 13398.0
               +-------+-------+-------+-------+-------+----------------------

Table legend: (Time is in decaauts)
 A = Elapsed time spent in this place.
 B = Non-inter-level travel time spent in this place.
 C = Inter-level travel time spent in this place.
 D = Time resting spent in this place.
 E = Time spent auto-exploring this place.
 F = Levels seen in this place.
 G = Mean time per level.
                   A        B        C        D        E       F      G
               +--------+--------+--------+--------+--------+-----+--------+
         Total |  78143 |  70262 |   7881 |  19960 |  35214 |  55 | 1420.8 |
       Dungeon |  22067 |  18264 |   3803 |   4955 |   9869 |  15 | 1471.1 |
        Temple |     31 |     18 |     13 |      0 |      0 |   1 |   31.0 |
          Lair |   7982 |   7422 |    560 |   2096 |   3807 |   5 | 1596.4 |
         Swamp |   4403 |   4192 |    211 |   1457 |   1931 |   4 | 1100.8 |
   Spider Nest |   7193 |   6630 |    563 |   1921 |   3426 |   4 | 1798.2 |
  Orcish Mines |   2932 |   2595 |    337 |    776 |   1190 |   2 | 1466.0 |
   Elven Halls |   3100 |   2912 |    188 |    482 |   1791 |   3 | 1033.3 |
        Vaults |   9050 |   8246 |    804 |   1947 |   4350 |   5 | 1810.0 |
         Crypt |   5075 |   4794 |    281 |    655 |   2971 |   3 | 1691.7 |
        Depths |   5983 |   5397 |    586 |   1326 |   2855 |   4 | 1495.8 |
           Zot |   7722 |   7191 |    531 |   3278 |   2373 |   5 | 1544.4 |
         Sewer |    852 |    852 |      0 |    263 |    279 |   1 |  852.0 |
       Ossuary |    515 |    515 |      0 |    235 |    150 |   1 |  515.0 |
        Bailey |    776 |    776 |      0 |    480 |     96 |   1 |  776.0 |
      Ice Cave |    454 |    454 |      0 |     83 |    125 |   1 |  454.0 |
               +--------+--------+--------+--------+--------+-----+--------+

Top non-repeatable levels by time:
    D:15: 3114 daAuts
     D:8: 2864 daAuts
     D:9: 2425 daAuts
 Crypt:3: 2290 daAuts
Spider:3: 2285 daAuts
  Lair:2: 2162 daAuts
Vaults:5: 2093 daAuts
Vaults:1: 1976 daAuts
   Zot:5: 1958 daAuts
   Zot:2: 1846 daAuts
Spider:2: 1801 daAuts
Spider:4: 1798 daAuts
 Crypt:1: 1797 daAuts
  Lair:1: 1796 daAuts
Vaults:2: 1792 daAuts
